Workbook

Sheet Coderingen
A1: Tabellen voor risico-inschatting
A3: Kans
A4: We onderscheiden twee soorten kansen: een kans op verbetering van de kwaliteit. Dit kan méér of
A5: minder kosten met zich meebrengen. De tweede soort kans betreft een besparing op de kosten.
F6: waterkering
A7: Score | B7: Omschrijving kans | F7: Kans (%)
A8: 0 | B8: 0 % (kan niet optreden) | C8: 0 | F8: 0
A9: 1 | B9: 1 - 20 % (komt zelden of nooit voor) | C9: 0.1 | F9: 0.025
A10: 2 | B10: 20 - 40 % (onwaarschijnlijk) | C10: 0.3 | F10: 0.075
A11: 3 | B11: 40 - 60 % (kans bestaat, niet groot) | C11: 0.5 | F11: 0.175
A12: 4 | B12: 60 - 80% (er is een reële kans) | C12: 0.7 | F12: 0.375
A13: 5 | B13: > 80% (grote kans) | C13: 0.9 | F13: 0.75
A16: Tijd
A17: Het effect op de tijd wordt enerzijds uitgedrukt in 'maanden' vertraging en in extra kosten (vertragings-
A18: kosten)
A20: Score | B20: Toelichting Tijd; aantal maanden uitloop | C20: Tijd in maanden
A21: 0 | B21: geen tijdseffect | C21: 0
A22: 1 | B22: 0 -1 maand | C22: 0.5
A23: 2 | B23: 1 - 2 mnd | C23: 1.5
A24: 3 | B24: 2 - 4 mnd | C24: 3
A25: 4 | B25: 4 - 6 mnd | C25: 5
A26: 5 | B26: > 6 mnd | C26: 8
A29: Geld
A30: Score | B30: Toelichting Geld | C30: G
A31: 0 | B31: geen budget gevolg | C31: 0
A32: 1 | B32: 0 - 10.000 € | C32: =10000/2 -> 5000
A33: 2 | B33: 10.000 - 20.000 € | C33: 15000
A34: 3 | B34: 20.000 - 40.000 € | C34: 30000
A35: 4 | B35: 40.000 - 80.000 € | C35: 60000
A36: 5 | B36: > 80.000 € | C36: 80000
A39: Kwaliteit
A40: Score | B40: Toelichting ; aantal % kwaliteitsverlies
A41: 0 | B41: geen kwaliteit gevolg
A42: 1 | B42: 0-10%
A43: 2 | B43: 10-20%
A44: 3 | B44: 20-30%
A45: 4 | B45: 30-40%
A46: 5 | B46: > 40%

Sheet Risico's
C1: Bijlage 5 Risicodossier
C2: Behorende bij de Europese aanbesteding volgens de openbare procedure voor uitvoering van diensten inzake Conditiemetingen NEN2767
C3: ten behoeve van Waterschap Limburg met zaaknummer 2022-Z8974
C5: WITTE CELLEN KUNNEN INGEVULD WORDEN
C6: GEKLEURDE CELLEN BEVATTEN FORMULES, NIET WIJZIGEN
C10: Risicodossier | D10: Kwantificering | G10: Beheersing
E11: Kans
B12: Nr. | C12: Risico | D12: Gevolg / consequentie | E12: kans van optreden (1-5) | F12: Omschrijving kans van optreden | G12: Omschrijving van de beheersmaatregel
B13: 1 | E13: 0 | F13: =+VLOOKUP(E13,Coderingen!$A$8:$B$13,2,FALSE) -> 0 % (kan niet optreden)
B14: =+B13+1 -> 2 | E14: 0 | F14: =+VLOOKUP(E14,Coderingen!$A$8:$B$13,2,FALSE) -> 0 % (kan niet optreden)
B15: =+B14+1 -> 3 | E15: 0 | F15: =+VLOOKUP(E15,Coderingen!$A$8:$B$13,2,FALSE) -> 0 % (kan niet optreden)
B16: =+B15+1 -> 4 | E16: 0 | F16: =+VLOOKUP(E16,Coderingen!$A$8:$B$13,2,FALSE) -> 0 % (kan niet optreden)
B17: =+B16+1 -> 5 | E17: 0 | F17: =+VLOOKUP(E17,Coderingen!$A$8:$B$13,2,FALSE) -> 0 % (kan niet optreden)

Sheet RK-LOOBEEK leeg
B1: Risico's en kansen Projecten Watersysteem | K1: Per Tijd en Geld
K2: score 0
B3: Deze lijst bevat risico's en kansen, waarvan het gewogen gemiddelde (kolom Z) is opgenomen in de prognose. | K3: score 1 - 8
K4: score 9 - 15
E5: risico = tijd, geld of kwaliteit komt in gevaar | K5: score 16 - 25
E6: kans kwaliteit = kans op verbetering, los van of dit geld kost of niet
E7: kans geld = kans op besparing
K8: Kwantificering | V8: Beheersing | Y8: =SUM(Y11:Y23) -> 0 | Z8: =SUM(Z11:Z23) -> 0 | AA8: =SUM(AA11:AA23) -> 0 | AC8: =SUM(AC11:AC23) -> 0 | AD8: =SUM(AD11:AD23) -> 0
K9: Kans | L9: Tijd | P9: Geld | S9: Kwaliteit
B10: Nr. | C10: Project | D10: Project omschrijving | E10: Risico | F10: Kans kwaliteit | G10: Kans geld | H10: Gebeurtenis | I10: Oorzaak | J10: Gevolg / consequentie | K10: kans van optreden (1-5) | L10: Gevolg Tijd | O10: omvang risico (GXH) | P10: Gevolg Geld | R10: omvang risico (GXH) | S10: Gevolg kwaliteit | U10: omvang risico | V10: Beheersmaatregel | W10: Actie-houder | Y10: Risico in € max | Z10: Risico in € gewogen | AA10: Kans | AC10: Risico in € gewogen - tijd | AD10: Risico in € gewogen - geld
B11: 1 | C11: 720350 | D11: Loobeek | K11: 1 | L11: 0 | M11: =+VLOOKUP(L11,Coderingen!$A$21:$B$26,2,FALSE) -> geen tijdseffect | N11: =+VLOOKUP(L11,Coderingen!$A$21:$D$26,4,FALSE) -> 0 | O11: =+K11*L11 -> 0 | P11: 0 | Q11: =+VLOOKUP(P11,Coderingen!$A$31:$C$36,3,FALSE) -> 0 | R11: =+IF(G11="K",G11,K11*P11) -> 0 | S11: 0 | T11: =+VLOOKUP(S11,Coderingen!$A$41:$C$46,2,FALSE) -> geen kwaliteit gevolg | U11: =+IF(F11="K",F11,K11*S11) -> 0 | Y11: =+IF(G11="K",N11,N11+Q11) -> 0 | Z11: =+AC11+AD11 -> 0 | AA11: =+IF(G11="K",Q11,0) -> 0 | AC11: =+IF(O11<9,N11*0.1,IF(O11<16,N11*0.2,N11)) -> 0 | AD11: =+IF(G11="K",0,IF(R11<9,Q11*0.1,IF(R11<16,Q11*0.2,Q11))) -> 0
B12: =+B11+1 -> 2 | K12: 1 | L12: 0 | M12: =+VLOOKUP(L12,Coderingen!$A$21:$B$26,2,FALSE) -> geen tijdseffect | N12: =+VLOOKUP(L12,Coderingen!$A$21:$D$26,4,FALSE) -> 0 | O12: =+K12*L12 -> 0 | P12: 0 | Q12: =+VLOOKUP(P12,Coderingen!$A$31:$C$36,3,FALSE) -> 0 | R12: =+IF(G12="K",G12,K12*P12) -> 0 | S12: 0 | T12: =+VLOOKUP(S12,Coderingen!$A$41:$C$46,2,FALSE) -> geen kwaliteit gevolg | U12: =+IF(F12="K",F12,K12*S12) -> 0 | Y12: =+IF(G12="K",N12,N12+Q12) -> 0 | Z12: =+AC12+AD12 -> 0 | AA12: =+IF(G12="K",Q12,0) -> 0
B13: =+B12+1 -> 3 | C13: 720351 | D13: Loobeek tr. De Haag | K13: 1 | L13: 0 | M13: =+VLOOKUP(L13,Coderingen!$A$21:$B$26,2,FALSE) -> geen tijdseffect | N13: =+VLOOKUP(L13,Coderingen!$A$21:$D$26,4,FALSE) -> 0 | O13: =+K13*L13 -> 0 | P13: 0 | Q13: =+VLOOKUP(P13,Coderingen!$A$31:$C$36,3,FALSE) -> 0 | R13: =+IF(G13="K",G13,K13*P13) -> 0 | S13: 0 | T13: =+VLOOKUP(S13,Coderingen!$A$41:$C$46,2,FALSE) -> geen kwaliteit gevolg | U13: =+IF(F13="K",F13,K13*S13) -> 0 | Y13: =+IF(G13="K",N13,N13+Q13) -> 0 | Z13: =+AC13+AD13 -> 0 | AA13: =+IF(G13="K",Q13,0) -> 0 | AC13: =+IF(O13<9,N13*0.1,IF(O13<16,N13*0.2,N13)) -> 0 | AD13: =+IF(G13="K",0,IF(R13<9,Q13*0.1,IF(R13<16,Q13*0.2,Q13))) -> 0
B14: =+B13+1 -> 4 | K14: 1 | L14: 0 | M14: =+VLOOKUP(L14,Coderingen!$A$21:$B$26,2,FALSE) -> geen tijdseffect | N14: =+VLOOKUP(L14,Coderingen!$A$21:$D$26,4,FALSE) -> 0 | O14: =+K14*L14 -> 0 | P14: 0 | Q14: =+VLOOKUP(P14,Coderingen!$A$31:$C$36,3,FALSE) -> 0 | R14: =+IF(G14="K",G14,K14*P14) -> 0 | S14: 0 | T14: =+VLOOKUP(S14,Coderingen!$A$41:$C$46,2,FALSE) -> geen kwaliteit gevolg | U14: =+IF(F14="K",F14,K14*S14) -> 0 | Y14: =+IF(G14="K",N14,N14+Q14) -> 0 | Z14: =+AC14+AD14 -> 0 | AA14: =+IF(G14="K",Q14,0) -> 0 | AC14: =+IF(O14<9,N14*0.1,IF(O14<16,N14*0.2,N14)) -> 0 | AD14: =+IF(G14="K",0,IF(R14<9,Q14*0.1,IF(R14<16,Q14*0.2,Q14))) -> 0
B15: =+B17+1 -> 7 | K15: 1 | L15: 0 | M15: =+VLOOKUP(L15,Coderingen!$A$21:$B$26,2,FALSE) -> geen tijdseffect | N15: =+VLOOKUP(L15,Coderingen!$A$21:$D$26,4,FALSE) -> 0 | O15: =+K15*L15 -> 0 | P15: 0 | Q15: =+VLOOKUP(P15,Coderingen!$A$31:$C$36,3,FALSE) -> 0 | R15: =+IF(G15="K",G15,K15*P15) -> 0 | S15: 0 | T15: =+VLOOKUP(S15,Coderingen!$A$41:$C$46,2,FALSE) -> geen kwaliteit gevolg | U15: =+IF(F15="K",F15,K15*S15) -> 0 | Y15: =+IF(G15="K",N15,N15+Q15) -> 0 | Z15: =+AC15+AD15 -> 0 | AA15: =+IF(G15="K",Q15,0) -> 0 | AC15: =+IF(O15<9,N15*0.1,IF(O15<16,N15*0.2,N15)) -> 0 | AD15: =+IF(G15="K",0,IF(R15<9,Q15*0.1,IF(R15<16,Q15*0.2,Q15))) -> 0
B16: =+B14+1 -> 5 | K16: 1 | L16: 0 | M16: =+VLOOKUP(L16,Coderingen!$A$21:$B$26,2,FALSE) -> geen tijdseffect | N16: =+VLOOKUP(L16,Coderingen!$A$21:$D$26,4,FALSE) -> 0 | O16: =+K16*L16 -> 0 | P16: 0 | Q16: =+VLOOKUP(P16,Coderingen!$A$31:$C$36,3,FALSE) -> 0 | R16: =+IF(G16="K",G16,K16*P16) -> 0 | S16: 0 | T16: =+VLOOKUP(S16,Coderingen!$A$41:$C$46,2,FALSE) -> geen kwaliteit gevolg | U16: =+IF(F16="K",F16,K16*S16) -> 0 | Y16: =+IF(G16="K",N16,N16+Q16) -> 0 | Z16: =+AC16+AD16 -> 0 | AA16: =+IF(G16="K",Q16,0) -> 0 | AC16: =+IF(O16<9,N16*0.1,IF(O16<16,N16*0.2,N16)) -> 0 | AD16: =+IF(G16="K",0,IF(R16<9,Q16*0.1,IF(R16<16,Q16*0.2,Q16))) -> 0
B17: =+B16+1 -> 6 | C17: 720352 | D17: Loobeek tr. Venraysch Broek | K17: 1 | L17: 0 | M17: =+VLOOKUP(L17,Coderingen!$A$21:$B$26,2,FALSE) -> geen tijdseffect | N17: =+VLOOKUP(L17,Coderingen!$A$21:$D$26,4,FALSE) -> 0 | O17: =+K17*L17 -> 0 | P17: 0 | Q17: =+VLOOKUP(P17,Coderingen!$A$31:$C$36,3,FALSE) -> 0 | R17: =+IF(G17="K",G17,K17*P17) -> 0 | S17: 0 | T17: =+VLOOKUP(S17,Coderingen!$A$41:$C$46,2,FALSE) -> geen kwaliteit gevolg | U17: =+IF(F17="K",F17,K17*S17) -> 0 | Y17: =+IF(G17="K",N17,N17+Q17) -> 0 | Z17: =+AC17+AD17 -> 0 | AA17: =+IF(G17="K",Q17,0) -> 0 | AC17: =+IF(O17<9,N17*0.1,IF(O17<16,N17*0.2,N17)) -> 0 | AD17: =+IF(G17="K",0,IF(R17<9,Q17*0.1,IF(R17<16,Q17*0.2,Q17))) -> 0
B18: =+B17+1 -> 7 | K18: 1 | L18: 0 | M18: =+VLOOKUP(L18,Coderingen!$A$21:$B$26,2,FALSE) -> geen tijdseffect | N18: =+VLOOKUP(L18,Coderingen!$A$21:$D$26,4,FALSE) -> 0 | O18: =+K18*L18 -> 0 | P18: 0 | Q18: =+VLOOKUP(P18,Coderingen!$A$31:$C$36,3,FALSE) -> 0 | R18: =+IF(G18="K",G18,K18*P18) -> 0 | S18: 0 | T18: =+VLOOKUP(S18,Coderingen!$A$41:$C$46,2,FALSE) -> geen kwaliteit gevolg | U18: =+IF(F18="K",F18,K18*S18) -> 0 | Y18: =+IF(G18="K",N18,N18+Q18) -> 0 | Z18: =+AC18+AD18 -> 0 | AA18: =+IF(G18="K",Q18,0) -> 0 | AC18: =+IF(O18<9,N18*0.1,IF(O18<16,N18*0.2,N18)) -> 0 | AD18: =+IF(G18="K",0,IF(R18<9,Q18*0.1,IF(R18<16,Q18*0.2,Q18))) -> 0
B19: =+B18+1 -> 8 | K19: 1 | L19: 0 | M19: =+VLOOKUP(L19,Coderingen!$A$21:$B$26,2,FALSE) -> geen tijdseffect | N19: =+VLOOKUP(L19,Coderingen!$A$21:$D$26,4,FALSE) -> 0 | O19: =+K19*L19 -> 0 | P19: 0 | Q19: =+VLOOKUP(P19,Coderingen!$A$31:$C$36,3,FALSE) -> 0 | R19: =+IF(G19="K",G19,K19*P19) -> 0 | S19: 0 | T19: =+VLOOKUP(S19,Coderingen!$A$41:$C$46,2,FALSE) -> geen kwaliteit gevolg | U19: =+IF(F19="K",F19,K19*S19) -> 0 | Y19: =+IF(G19="K",N19,N19+Q19) -> 0 | Z19: =+AC19+AD19 -> 0 | AA19: =+IF(G19="K",Q19,0) -> 0 | AC19: =+IF(O19<9,N19*0.1,IF(O19<16,N19*0.2,N19)) -> 0 | AD19: =+IF(G19="K",0,IF(R19<9,Q19*0.1,IF(R19<16,Q19*0.2,Q19))) -> 0
B20: =+B19+1 -> 9 | C20: 720353 | D20: Loobeek tr. De Spurkt | K20: 1 | L20: 0 | M20: =+VLOOKUP(L20,Coderingen!$A$21:$B$26,2,FALSE) -> geen tijdseffect | N20: =+VLOOKUP(L20,Coderingen!$A$21:$D$26,4,FALSE) -> 0 | O20: =+K20*L20 -> 0 | P20: 0 | Q20: =+VLOOKUP(P20,Coderingen!$A$31:$C$36,3,FALSE) -> 0 | R20: =+IF(G20="K",G20,K20*P20) -> 0 | S20: 0 | T20: =+VLOOKUP(S20,Coderingen!$A$41:$C$46,2,FALSE) -> geen kwaliteit gevolg | U20: =+IF(F20="K",F20,K20*S20) -> 0 | Y20: =+IF(G20="K",N20,N20+Q20) -> 0 | Z20: =+AC20+AD20 -> 0 | AA20: =+IF(G20="K",Q20,0) -> 0 | AC20: =+IF(O20<9,N20*0.1,IF(O20<16,N20*0.2,N20)) -> 0 | AD20: =+IF(G20="K",0,IF(R20<9,Q20*0.1,IF(R20<16,Q20*0.2,Q20))) -> 0
B21: =+B20+1 -> 10 | K21: 1 | L21: 0 | M21: =+VLOOKUP(L21,Coderingen!$A$21:$B$26,2,FALSE) -> geen tijdseffect | N21: =+VLOOKUP(L21,Coderingen!$A$21:$D$26,4,FALSE) -> 0 | O21: =+K21*L21 -> 0 | P21: 0 | Q21: =+VLOOKUP(P21,Coderingen!$A$31:$C$36,3,FALSE) -> 0 | R21: =+IF(G21="K",G21,K21*P21) -> 0 | S21: 0 | T21: =+VLOOKUP(S21,Coderingen!$A$41:$C$46,2,FALSE) -> geen kwaliteit gevolg | U21: =+IF(F21="K",F21,K21*S21) -> 0 | Y21: =+IF(G21="K",N21,N21+Q21) -> 0 | Z21: =+AC21+AD21 -> 0 | AA21: =+IF(G21="K",Q21,0) -> 0 | AC21: =+IF(O21<9,N21*0.1,IF(O21<16,N21*0.2,N21)) -> 0 | AD21: =+IF(G21="K",0,IF(R21<9,Q21*0.1,IF(R21<16,Q21*0.2,Q21))) -> 0
B22: =+B21+1 -> 11 | K22: 1 | L22: 0 | M22: =+VLOOKUP(L22,Coderingen!$A$21:$B$26,2,FALSE) -> geen tijdseffect | N22: =+VLOOKUP(L22,Coderingen!$A$21:$D$26,4,FALSE) -> 0 | O22: =+K22*L22 -> 0 | P22: 0 | Q22: =+VLOOKUP(P22,Coderingen!$A$31:$C$36,3,FALSE) -> 0 | R22: =+IF(G22="K",G22,K22*P22) -> 0 | S22: 0 | T22: =+VLOOKUP(S22,Coderingen!$A$41:$C$46,2,FALSE) -> geen kwaliteit gevolg | U22: =+IF(F22="K",F22,K22*S22) -> 0 | Y22: =+IF(G22="K",N22,N22+Q22) -> 0 | Z22: =+AC22+AD22 -> 0 | AA22: =+IF(G22="K",Q22,0) -> 0 | AC22: =+IF(O22<9,N22*0.1,IF(O22<16,N22*0.2,N22)) -> 0 | AD22: =+IF(G22="K",0,IF(R22<9,Q22*0.1,IF(R22<16,Q22*0.2,Q22))) -> 0
B23: =+B22+1 -> 12 | K23: 1 | L23: 0 | M23: =+VLOOKUP(L23,Coderingen!$A$21:$B$26,2,FALSE) -> geen tijdseffect | N23: =+VLOOKUP(L23,Coderingen!$A$21:$D$26,4,FALSE) -> 0 | O23: =+K23*L23 -> 0 | P23: 0 | Q23: =+VLOOKUP(P23,Coderingen!$A$31:$C$36,3,FALSE) -> 0 | R23: =+IF(G23="K",G23,K23*P23) -> 0 | S23: 0 | T23: =+VLOOKUP(S23,Coderingen!$A$41:$C$46,2,FALSE) -> geen kwaliteit gevolg | U23: =+IF(F23="K",F23,K23*S23) -> 0 | Y23: =+IF(G23="K",N23,N23+Q23) -> 0 | Z23: =+AC23+AD23 -> 0 | AA23: =+IF(G23="K",Q23,0) -> 0

Sheet RK-LOOBEEK
B1: Risico's en kansen Projecten Watersysteem | K1: Per Tijd en Geld
K2: score 0
B3: Deze lijst bevat risico's en kansen, waarvan het gewogen gemiddelde (kolom Z) is opgenomen in de prognose. | K3: score 1 - 8
K4: score 9 - 15
E5: risico = tijd, geld of kwaliteit komt in gevaar | K5: score 16 - 25
E6: kans kwaliteit = kans op verbetering, los van of dit geld kost of niet
E7: kans geld = kans op besparing
K8: Kwantificering | V8: Beheersing | Y8: =SUM(Y11:Y23) -> 495000 | Z8: =SUM(Z11:Z23) -> 51500 | AA8: =SUM(AA11:AA23) -> 160000 | AC8: =SUM(AC11:AC23) -> 0 | AD8: =SUM(AD11:AD23) -> 51500
K9: Kans | L9: Tijd | P9: Geld | S9: Kwaliteit
B10: Nr. | C10: Project | D10: Project omschrijving | E10: Risico | F10: Kans kwaliteit | G10: Kans geld | H10: Gebeurtenis | I10: Oorzaak | J10: Gevolg / consequentie | K10: kans van optreden (1-5) | L10: Gevolg Tijd | O10: omvang risico (GXH) | P10: Gevolg Geld | R10: omvang risico (GXH) | S10: Gevolg kwaliteit | U10: omvang risico | V10: Beheersmaatregel | W10: Actie-houder | Y10: Risico in € max | Z10: Risico in € gewogen | AA10: Kans | AC10: Risico in € gewogen - tijd | AD10: Risico in € gewogen - geld
B11: 1 | C11: 720350 | D11: Loobeek | E11: R | H11: Grondoverdracht Loobeekdal (2,6 mln) van Provincie naar WPM lukt niet | J11: Project loopt vertraging op | K11: 1 | L11: 2 | M11: =+VLOOKUP(L11,Coderingen!$A$21:$B$26,2,FALSE) -> 1 - 2 mnd | N11: =+VLOOKUP(L11,Coderingen!$A$21:$D$26,4,FALSE) -> 0 | O11: =+K11*L11 -> 2 | P11: 0 | Q11: =+VLOOKUP(P11,Coderingen!$A$31:$C$36,3,FALSE) -> 0 | R11: =+IF(G11="K",G11,K11*P11) -> 0 | S11: 0 | T11: =+VLOOKUP(S11,Coderingen!$A$41:$C$46,2,FALSE) -> geen kwaliteit gevolg | U11: =+IF(F11="K",F11,K11*S11) -> 0 | V11: Overleg Jan Jacobs met Jo van Wersch | W11: Jan | Y11: =+IF(G11="K",N11,N11+Q11) -> 0 | Z11: =+AC11+AD11 -> 0 | AA11: =+IF(G11="K",Q11,0) -> 0 | AC11: =+IF(O11<9,N11*0.1,IF(O11<16,N11*0.2,N11)) -> 0 | AD11: =+IF(G11="K",0,IF(R11<9,Q11*0.1,IF(R11<16,Q11*0.2,Q11))) -> 0
B12: =+B11+1 -> 2 | E12: R | H12: Overschotgronden worden niet verkocht | J12: Project wordt duurder | K12: 1 | L12: 0 | M12: =+VLOOKUP(L12,Coderingen!$A$21:$B$26,2,FALSE) -> geen tijdseffect | N12: =+VLOOKUP(L12,Coderingen!$A$21:$D$26,4,FALSE) -> 0 | O12: =+K12*L12 -> 0 | P12: 4 | Q12: =+VLOOKUP(P12,Coderingen!$A$31:$C$36,3,FALSE) -> 60000 | R12: =+IF(G12="K",G12,K12*P12) -> 4 | S12: 0 | T12: =+VLOOKUP(S12,Coderingen!$A$41:$C$46,2,FALSE) -> geen kwaliteit gevolg | U12: =+IF(F12="K",F12,K12*S12) -> 0 | V12: Voortgang monitoren in projectgroep | W12: Wim N. | Y12: =+IF(G12="K",N12,N12+Q12) -> 60000 | Z12: =+AC12+AD12 -> 0 | AA12: =+IF(G12="K",Q12,0) -> 0
B13: =+B12+1 -> 3 | C13: 720351 | D13: Loobeek tr. De Haag | G13: K | H13: Zwart water (€ 100.000) | K13: 1 | L13: 0 | M13: =+VLOOKUP(L13,Coderingen!$A$21:$B$26,2,FALSE) -> geen tijdseffect | N13: =+VLOOKUP(L13,Coderingen!$A$21:$D$26,4,FALSE) -> 0 | O13: =+K13*L13 -> 0 | P13: 5 | Q13: =+VLOOKUP(P13,Coderingen!$A$31:$C$36,3,FALSE) -> 80000 | R13: =+IF(G13="K",G13,K13*P13) -> K | S13: 0 | T13: =+VLOOKUP(S13,Coderingen!$A$41:$C$46,2,FALSE) -> geen kwaliteit gevolg | U13: =+IF(F13="K",F13,K13*S13) -> 0 | V13: Punt komt januari 2016 in de Stuurgroep | Y13: =+IF(G13="K",N13,N13+Q13) -> 0 | Z13: =+AC13+AD13 -> 0 | AA13: =+IF(G13="K",Q13,0) -> 80000 | AC13: =+IF(O13<9,N13*0.1,IF(O13<16,N13*0.2,N13)) -> 0 | AD13: =+IF(G13="K",0,IF(R13<9,Q13*0.1,IF(R13<16,Q13*0.2,Q13))) -> 0
B14: =+B13+1 -> 4 | G14: K | H14: Meanderzone (€ 280.000) | K14: 1 | L14: 0 | M14: =+VLOOKUP(L14,Coderingen!$A$21:$B$26,2,FALSE) -> geen tijdseffect | N14: =+VLOOKUP(L14,Coderingen!$A$21:$D$26,4,FALSE) -> 0 | O14: =+K14*L14 -> 0 | P14: 5 | Q14: =+VLOOKUP(P14,Coderingen!$A$31:$C$36,3,FALSE) -> 80000 | R14: =+IF(G14="K",G14,K14*P14) -> K | S14: 0 | T14: =+VLOOKUP(S14,Coderingen!$A$41:$C$46,2,FALSE) -> geen kwaliteit gevolg | U14: =+IF(F14="K",F14,K14*S14) -> 0 | V14: Punt komt januari 2016 in de Stuurgroep | Y14: =+IF(G14="K",N14,N14+Q14) -> 0 | Z14: =+AC14+AD14 -> 0 | AA14: =+IF(G14="K",Q14,0) -> 80000 | AC14: =+IF(O14<9,N14*0.1,IF(O14<16,N14*0.2,N14)) -> 0 | AD14: =+IF(G14="K",0,IF(R14<9,Q14*0.1,IF(R14<16,Q14*0.2,Q14))) -> 0
B15: =+B17+1 -> 7 | E15: R | H15: WPM koopt grond voor meer dan € 0,75 / m2 | I15: SBB vraagt hoge prijs voor grond, die WPM wil kopen. Tot op heden is gesproken over 0,75 / m2. | J15: Project wordt duurder | K15: 1 | L15: 0 | M15: =+VLOOKUP(L15,Coderingen!$A$21:$B$26,2,FALSE) -> geen tijdseffect | N15: =+VLOOKUP(L15,Coderingen!$A$21:$D$26,4,FALSE) -> 0 | O15: =+K15*L15 -> 0 | P15: 3 | Q15: =+VLOOKUP(P15,Coderingen!$A$31:$C$36,3,FALSE) -> 30000 | R15: =+IF(G15="K",G15,K15*P15) -> 3 | S15: 0 | T15: =+VLOOKUP(S15,Coderingen!$A$41:$C$46,2,FALSE) -> geen kwaliteit gevolg | U15: =+IF(F15="K",F15,K15*S15) -> 0 | Y15: =+IF(G15="K",N15,N15+Q15) -> 30000 | Z15: =+AC15+AD15 -> 3000 | AA15: =+IF(G15="K",Q15,0) -> 0 | AC15: =+IF(O15<9,N15*0.1,IF(O15<16,N15*0.2,N15)) -> 0 | AD15: =+IF(G15="K",0,IF(R15<9,Q15*0.1,IF(R15<16,Q15*0.2,Q15))) -> 3000
B16: =+B14+1 -> 5 | E16: R | H16: WPM dient schade a.g.v. grondverplaatsing te vergoeden | I16: Claim mbt knolcyperus, ca € 200.000 | J16: Project wordt duurder | K16: 1 | L16: 2 | M16: =+VLOOKUP(L16,Coderingen!$A$21:$B$26,2,FALSE) -> 1 - 2 mnd | N16: =+VLOOKUP(L16,Coderingen!$A$21:$D$26,4,FALSE) -> 0 | O16: =+K16*L16 -> 2 | P16: 5 | Q16: 200000 | R16: =+IF(G16="K",G16,K16*P16) -> 5 | S16: 0 | T16: =+VLOOKUP(S16,Coderingen!$A$41:$C$46,2,FALSE) -> geen kwaliteit gevolg | U16: =+IF(F16="K",F16,K16*S16) -> 0 | V16: Overleg met advocaat WPM, daarna kijken hoe het zit met verzekering, daarna evt juridische procedure. 8-12-15: Verzekering is afgehaakt. Juridische procedure nog op te starten. | W16: Twan-Joke | Y16: =+IF(G16="K",N16,N16+Q16) -> 200000 | Z16: =+AC16+AD16 -> 20000 | AA16: =+IF(G16="K",Q16,0) -> 0 | AC16: =+IF(O16<9,N16*0.1,IF(O16<16,N16*0.2,N16)) -> 0 | AD16: =+IF(G16="K",0,IF(R16<9,Q16*0.1,IF(R16<16,Q16*0.2,Q16))) -> 20000
B17: =+B16+1 -> 6 | C17: 720352 | D17: Loobeek tr. Venraysch Broek | E17: R | H17: Provincie ondertekent de overeenkomst met Loonen en/of Loonen/Muysers niet. | I17: Provincie moet instemmen met privaatrechtelijke ovk m.b.t. natuurdoeltype (vochtig kruidenrijk grasland). Provincie moet mede ondertekenen. Wijzigingen als gevolg van publiekrechtelijk handelen van de provincie moeten voor rekening zijn van provincie, niet van Loonen of WPM. | J17: Juridisch vraagstuk in toekomst als gebruik grond wijzigt? | K17: 1 | L17: 0 | M17: =+VLOOKUP(L17,Coderingen!$A$21:$B$26,2,FALSE) -> geen tijdseffect | N17: =+VLOOKUP(L17,Coderingen!$A$21:$D$26,4,FALSE) -> 0 | O17: =+K17*L17 -> 0 | P17: 2 | Q17: =+VLOOKUP(P17,Coderingen!$A$31:$C$36,3,FALSE) -> 15000 | R17: =+IF(G17="K",G17,K17*P17) -> 2 | S17: 0 | T17: =+VLOOKUP(S17,Coderingen!$A$41:$C$46,2,FALSE) -> geen kwaliteit gevolg | U17: =+IF(F17="K",F17,K17*S17) -> 0 | V17: Wim zorgt dat Provincie ook tekent voor de ovk en stemt vóór ondertekening af met de projectleider. | W17: Wim N. | Y17: =+IF(G17="K",N17,N17+Q17) -> 15000 | Z17: =+AC17+AD17 -> 1500 | AA17: =+IF(G17="K",Q17,0) -> 0 | AC17: =+IF(O17<9,N17*0.1,IF(O17<16,N17*0.2,N17)) -> 0 | AD17: =+IF(G17="K",0,IF(R17<9,Q17*0.1,IF(R17<16,Q17*0.2,Q17))) -> 1500
B18: =+B17+1 -> 7 | F18: K | I18: Stuw AFK-1 nabij de autosnelweg A-73. | K18: 1 | L18: 0 | M18: =+VLOOKUP(L18,Coderingen!$A$21:$B$26,2,FALSE) -> geen tijdseffect | N18: =+VLOOKUP(L18,Coderingen!$A$21:$D$26,4,FALSE) -> 0 | O18: =+K18*L18 -> 0 | P18: 0 | Q18: =+VLOOKUP(P18,Coderingen!$A$31:$C$36,3,FALSE) -> 0 | R18: =+IF(G18="K",G18,K18*P18) -> 0 | S18: 0 | T18: =+VLOOKUP(S18,Coderingen!$A$41:$C$46,2,FALSE) -> geen kwaliteit gevolg | U18: =+IF(F18="K",F18,K18*S18) -> K | Y18: =+IF(G18="K",N18,N18+Q18) -> 0 | Z18: =+AC18+AD18 -> 0 | AA18: =+IF(G18="K",Q18,0) -> 0 | AC18: =+IF(O18<9,N18*0.1,IF(O18<16,N18*0.2,N18)) -> 0 | AD18: =+IF(G18="K",0,IF(R18<9,Q18*0.1,IF(R18<16,Q18*0.2,Q18))) -> 0
B19: =+B18+1 -> 8 | E19: R | I19: Provincie wijzigt status van goudgroen naar zilvergroen voor ca 30 ha. | J19: Beheervergoeding die aan de agrariers zijn beloofd worden niet opgehoest door de Provincie. | K19: 1 | L19: 2 | M19: =+VLOOKUP(L19,Coderingen!$A$21:$B$26,2,FALSE) -> 1 - 2 mnd | N19: =+VLOOKUP(L19,Coderingen!$A$21:$D$26,4,FALSE) -> 0 | O19: =+K19*L19 -> 2 | P19: 2 | Q19: =+VLOOKUP(P19,Coderingen!$A$31:$C$36,3,FALSE) -> 15000 | R19: =+IF(G19="K",G19,K19*P19) -> 2 | S19: 0 | T19: =+VLOOKUP(S19,Coderingen!$A$41:$C$46,2,FALSE) -> geen kwaliteit gevolg | U19: =+IF(F19="K",F19,K19*S19) -> 0 | V19: Probleem is aangekaart bij provincie. Provincie is aan zet (mr lejeune) | Y19: =+IF(G19="K",N19,N19+Q19) -> 15000 | Z19: =+AC19+AD19 -> 1500 | AA19: =+IF(G19="K",Q19,0) -> 0 | AC19: =+IF(O19<9,N19*0.1,IF(O19<16,N19*0.2,N19)) -> 0 | AD19: =+IF(G19="K",0,IF(R19<9,Q19*0.1,IF(R19<16,Q19*0.2,Q19))) -> 1500
B20: =+B19+1 -> 9 | C20: 720353 | D20: Loobeek tr. De Spurkt | E20: R | H20: Provincie ondertekent de overeenkomst met M. van Raaij en/of C. van Raaij niet. | I20: Provincie moet instemmen met privaatrechtelijke ovk m.b.t. natuurdoeltype (vochtig kruidenrijk grasland). Provincie moet mede ondertekenen. Wijzigingen als gevolg van publiekrechtelijk handelen van de provincie moeten voor rekening zijn van provincie, niet van Raaij of WPM. | J20: Juridisch vraagstuk in toekomst als gebruik grond wijzigt? | K20: 1 | L20: 0 | M20: =+VLOOKUP(L20,Coderingen!$A$21:$B$26,2,FALSE) -> geen tijdseffect | N20: =+VLOOKUP(L20,Coderingen!$A$21:$D$26,4,FALSE) -> 0 | O20: =+K20*L20 -> 0 | P20: 2 | Q20: =+VLOOKUP(P20,Coderingen!$A$31:$C$36,3,FALSE) -> 15000 | R20: =+IF(G20="K",G20,K20*P20) -> 2 | S20: 0 | T20: =+VLOOKUP(S20,Coderingen!$A$41:$C$46,2,FALSE) -> geen kwaliteit gevolg | U20: =+IF(F20="K",F20,K20*S20) -> 0 | V20: Wim zorgt dat Provincie ook tekent voor de ovk en stemt vóór ondertekening af met de projectleider. | W20: Wim N. | Y20: =+IF(G20="K",N20,N20+Q20) -> 15000 | Z20: =+AC20+AD20 -> 1500 | AA20: =+IF(G20="K",Q20,0) -> 0 | AC20: =+IF(O20<9,N20*0.1,IF(O20<16,N20*0.2,N20)) -> 0 | AD20: =+IF(G20="K",0,IF(R20<9,Q20*0.1,IF(R20<16,Q20*0.2,Q20))) -> 1500
B21: =+B20+1 -> 10 | E21: R | H21: Grond wordt voor € 4,75 gewaardeerd. Extra kostenpost 6ha x € 1,25 = ca € 80.000. | I21: C. van Raaij wil vervangende grond. Provincie Brabant wil grond verkopen voor € 6,. Van Raaij taxeert zelf op € 4,75 | J21: Project wordt duurder | K21: 2 | L21: 0 | M21: =+VLOOKUP(L21,Coderingen!$A$21:$B$26,2,FALSE) -> geen tijdseffect | N21: =+VLOOKUP(L21,Coderingen!$A$21:$D$26,4,FALSE) -> 0 | O21: =+K21*L21 -> 0 | P21: 5 | Q21: =+VLOOKUP(P21,Coderingen!$A$31:$C$36,3,FALSE) -> 80000 | R21: =+IF(G21="K",G21,K21*P21) -> 10 | S21: 0 | T21: =+VLOOKUP(S21,Coderingen!$A$41:$C$46,2,FALSE) -> geen kwaliteit gevolg | U21: =+IF(F21="K",F21,K21*S21) -> 0 | V21: Instellen onafhankelijk taxateur | W21: Wim N. | Y21: =+IF(G21="K",N21,N21+Q21) -> 80000 | Z21: =+AC21+AD21 -> 16000 | AA21: =+IF(G21="K",Q21,0) -> 0 | AC21: =+IF(O21<9,N21*0.1,IF(O21<16,N21*0.2,N21)) -> 0 | AD21: =+IF(G21="K",0,IF(R21<9,Q21*0.1,IF(R21<16,Q21*0.2,Q21))) -> 16000
B22: =+B21+1 -> 11 | E22: R | H22: Doorverkoop aan de gemeente komt niet tot stand | I22: WPM koopt voor € 2,6mln grond van Provincie. Twee percelen (U138 en ged.U139) worden doorverkocht aan de gemeente € 235K | J22: WPM blijft met de grond zitten. | K22: 1 | L22: 3 | M22: =+VLOOKUP(L22,Coderingen!$A$21:$B$26,2,FALSE) -> 2 - 4 mnd | N22: =+VLOOKUP(L22,Coderingen!$A$21:$D$26,4,FALSE) -> 0 | O22: =+K22*L22 -> 3 | P22: 5 | Q22: =+VLOOKUP(P22,Coderingen!$A$31:$C$36,3,FALSE) -> 80000 | R22: =+IF(G22="K",G22,K22*P22) -> 5 | S22: 0 | T22: =+VLOOKUP(S22,Coderingen!$A$41:$C$46,2,FALSE) -> geen kwaliteit gevolg | U22: =+IF(F22="K",F22,K22*S22) -> 0 | W22: Wim N. | Y22: =+IF(G22="K",N22,N22+Q22) -> 80000 | Z22: =+AC22+AD22 -> 8000 | AA22: =+IF(G22="K",Q22,0) -> 0 | AC22: =+IF(O22<9,N22*0.1,IF(O22<16,N22*0.2,N22)) -> 0 | AD22: =+IF(G22="K",0,IF(R22<9,Q22*0.1,IF(R22<16,Q22*0.2,Q22))) -> 8000
B23: =+B22+1 -> 12 | F23: K | H23: Er is budget om het perceel aan te kopen (kosten blijven binnen afspraken SOK) | I23: Aankoop perceel Van Dijk | K23: 1 | L23: 0 | M23: =+VLOOKUP(L23,Coderingen!$A$21:$B$26,2,FALSE) -> geen tijdseffect | N23: =+VLOOKUP(L23,Coderingen!$A$21:$D$26,4,FALSE) -> 0 | O23: =+K23*L23 -> 0 | P23: 0 | Q23: =+VLOOKUP(P23,Coderingen!$A$31:$C$36,3,FALSE) -> 0 | R23: =+IF(G23="K",G23,K23*P23) -> 0 | S23: 2 | T23: =+VLOOKUP(S23,Coderingen!$A$41:$C$46,2,FALSE) -> 10-20% | U23: =+IF(F23="K",F23,K23*S23) -> K | V23: Budget bewaken en afwegen of er financiele ruimte is om dit perceel aan te kopen. | W23: PL | Y23: =+IF(G23="K",N23,N23+Q23) -> 0 | Z23: =+AC23+AD23 -> 0 | AA23: =+IF(G23="K",Q23,0) -> 0

Sheet template
B1: Risico's en kansen Projecten Watersysteem | K1: Per Tijd en Geld
K2: score 0
B3: Deze lijst bevat risico's en kansen die niet zijn opgenomen in de prognoses. Alle bedragen zijn derhalve optelbaar bij de prognoses. | K3: score 1 - 8
K4: score 9 - 15
E5: risico = tijd, geld of kwaliteit komt in gevaar | K5: score 16 - 25
E6: kans kwaliteit = kans op verbetering, los van of dit geld kost of niet
E7: kans geld = kans op besparing
K8: Kwantificering | V8: Beheersing | Y8: =SUM(Y11:Y15) -> 140000 | Z8: =SUM(Z11:Z15) -> 26000 | AA8: =SUM(AA11:AA15) -> 80000 | AC8: =SUM(AC11:AC15) -> 0 | AD8: =SUM(AD11:AD15) -> 26000
K9: Kans | L9: Tijd | P9: Geld | S9: Kwaliteit
B10: Nr. | C10: Project | D10: Project omschrijving | E10: Risico | F10: Kans kwaliteit | G10: Kans geld | H10: Gebeurtenis | I10: Oorzaak | J10: Gevolg / consequentie | K10: kans van optreden (1-5) | L10: Gevolg Tijd | O10: omvang risico (GXH) | P10: Gevolg Geld | R10: omvang risico (GXH) | S10: Gevolg kwaliteit | U10: omvang risico | V10: Beheersmaatregel | W10: Actiehouder | Y10: Risico in € max | Z10: Risico in € gewogen | AA10: Kans | AC10: Risico in € gewogen - tijd | AD10: Risico in € gewogen - geld
B11: 1 | C11: 720540 | D11: Wylrebeek | E11: R | H11: Eigendomsoverdracht van perceel Egypte (ca 7ha) van RWS naar WPM komt niet tot stand. | I11: Er is een meningsverschil tussen WPM en RWS: € 1 voor het gehele perceel of €1/m2. | J11: Het project kan niet worden overgedragen aan Beheer en Onderhoud. Het projectnummer blijft "open" staan. | K11: 3 | L11: 3 | M11: =+VLOOKUP(L11,Coderingen!$A$21:$B$26,2,FALSE) -> 2 - 4 mnd | N11: =+VLOOKUP(L11,Coderingen!$A$21:$D$26,4,FALSE) -> 0 | O11: =+K11*L11 -> 9 | P11: 1 | Q11: =+VLOOKUP(P11,Coderingen!$A$31:$C$36,3,FALSE) -> 5000 | R11: =+IF(G11="K",G11,K11*P11) -> 3 | S11: 0 | T11: =+VLOOKUP(S11,Coderingen!$A$41:$C$46,2,FALSE) -> geen kwaliteit gevolg | U11: =+IF(F11="K",F11,K11*S11) -> 0 | W11: Ben | Y11: =+IF(G11="K",N11,N11+Q11) -> 5000 | Z11: =+AC11+AD11 -> 500 | AA11: =+IF(G11="K",Q11,0) -> 0 | AC11: =+IF(O11<9,N11*0.1,IF(O11<16,N11*0.2,N11)) -> 0 | AD11: =+IF(G11="K",0,IF(R11<9,Q11*0.1,IF(R11<16,Q11*0.2,Q11))) -> 500
B12: =+B11+1 -> 2 | C12: 721060 | D12: Everlose Beek Omleiding | E12: R | H12: Bestemmingsplan procedure neemt meer tijd in beslag. | I12: Het is nog niet duidelijk of de gemeente Venlo voor een bestemmingsplanwijziging of -herziening kiest. | J12: Uitvoering kan wél starten, maar de gedeeltes waar de bestemmingsplanwijziging - danwel herziening over gaat, kan niet worden uitgevoerd. | K12: 3 | L12: 3 | M12: =+VLOOKUP(L12,Coderingen!$A$21:$B$26,2,FALSE) -> 2 - 4 mnd | N12: =+VLOOKUP(L12,Coderingen!$A$21:$D$26,4,FALSE) -> 0 | O12: =+K12*L12 -> 9 | P12: 2 | Q12: =+VLOOKUP(P12,Coderingen!$A$31:$C$36,3,FALSE) -> 15000 | R12: =+IF(G12="K",G12,K12*P12) -> 6 | S12: 0 | T12: =+VLOOKUP(S12,Coderingen!$A$41:$C$46,2,FALSE) -> geen kwaliteit gevolg | U12: =+IF(F12="K",F12,K12*S12) -> 0 | V12: Gemeente actief benaderen | W12: Ben | Y12: =+IF(G12="K",N12,N12+Q12) -> 15000 | Z12: =+AC12+AD12 -> 1500 | AA12: =+IF(G12="K",Q12,0) -> 0 | AC12: =+IF(O12<9,N12*0.1,IF(O12<16,N12*0.2,N12)) -> 0 | AD12: =+IF(G12="K",0,IF(R12<9,Q12*0.1,IF(R12<16,Q12*0.2,Q12))) -> 1500
B13: =+B12+1 -> 3 | C13: 721240 | D13: Everlose Beek Maasmonding | E13: R | H13: Waterwetvergunning duurt langer dan gepland. | I13: Waterwetvergunning wordt slechts afgegeven door RWS als er een WAQUA-berekening wordt gemaakt. | J13: Project loopt uit. Extra kosten voor maken van WAQUA-berekeningen | K13: 3 | L13: 3 | M13: =+VLOOKUP(L13,Coderingen!$A$21:$B$26,2,FALSE) -> 2 - 4 mnd | N13: =+VLOOKUP(L13,Coderingen!$A$21:$D$26,4,FALSE) -> 0 | O13: =+K13*L13 -> 9 | P13: 4 | Q13: =+VLOOKUP(P13,Coderingen!$A$31:$C$36,3,FALSE) -> 60000 | R13: =+IF(G13="K",G13,K13*P13) -> 12 | S13: 0 | T13: =+VLOOKUP(S13,Coderingen!$A$41:$C$46,2,FALSE) -> geen kwaliteit gevolg | U13: =+IF(F13="K",F13,K13*S13) -> 0 | V13: Gezamenlijk overleg met TAUW+RWS+WPM over noodzaak WAQUA-berekeningen | W13: Hans S. | Y13: =+IF(G13="K",N13,N13+Q13) -> 60000 | Z13: =+AC13+AD13 -> 12000 | AA13: =+IF(G13="K",Q13,0) -> 0 | AC13: =+IF(O13<9,N13*0.1,IF(O13<16,N13*0.2,N13)) -> 0 | AD13: =+IF(G13="K",0,IF(R13<9,Q13*0.1,IF(R13<16,Q13*0.2,Q13))) -> 12000
B14: =+B13+1 -> 4 | D14: fictief | F14: K | H14: Perceel A kan worden gekocht | J14: Project kan meer beekdalbreed worden uitgevoerd | K14: 3 | L14: 0 | M14: =+VLOOKUP(L14,Coderingen!$A$21:$B$26,2,FALSE) -> geen tijdseffect | N14: =+VLOOKUP(L14,Coderingen!$A$21:$D$26,4,FALSE) -> 0 | O14: =+K14*L14 -> 0 | P14: 4 | Q14: =+VLOOKUP(P14,Coderingen!$A$31:$C$36,3,FALSE) -> 60000 | R14: =+IF(G14="K",G14,K14*P14) -> 12 | S14: 1 | T14: =+VLOOKUP(S14,Coderingen!$A$41:$C$46,2,FALSE) -> 0-10% | U14: =+IF(F14="K",F14,K14*S14) -> K | Y14: =+IF(G14="K",N14,N14+Q14) -> 60000 | Z14: =+AC14+AD14 -> 12000 | AA14: =+IF(G14="K",Q14,0) -> 0 | AC14: =+IF(O14<9,N14*0.1,IF(O14<16,N14*0.2,N14)) -> 0 | AD14: =+IF(G14="K",0,IF(R14<9,Q14*0.1,IF(R14<16,Q14*0.2,Q14))) -> 12000
B15: =+B14+1 -> 5 | D15: fictief | G15: K | H15: Perceel A kan om niet worden verkregen | I15: Mevrouw A is gestorven en heeft een nalatenschap aan Waterschap geregeld. | J15: Projectkosten gaan omlaag | K15: 4 | L15: 1 | M15: =+VLOOKUP(L15,Coderingen!$A$21:$B$26,2,FALSE) -> 0 -1 maand | N15: =+VLOOKUP(L15,Coderingen!$A$21:$D$26,4,FALSE) -> 0 | O15: =+K15*L15 -> 4 | P15: 5 | Q15: =+VLOOKUP(P15,Coderingen!$A$31:$C$36,3,FALSE) -> 80000 | R15: =+IF(G15="K",G15,K15*P15) -> K | S15: 0 | T15: =+VLOOKUP(S15,Coderingen!$A$41:$C$46,2,FALSE) -> geen kwaliteit gevolg | U15: =+IF(F15="K",F15,K15*S15) -> 0 | Y15: =+IF(G15="K",N15,N15+Q15) -> 0 | Z15: =+AC15+AD15 -> 0 | AA15: =+IF(G15="K",Q15,0) -> 80000 | AC15: =+IF(O15<9,N15*0.1,IF(O15<16,N15*0.2,N15)) -> 0 | AD15: =+IF(G15="K",0,IF(R15<9,Q15*0.1,IF(R15<16,Q15*0.2,Q15))) -> 0

Sheet Risico's en kansen (5-5-2015)
B1: Risico's en kansen Projecten Watersysteem
S2: Risico t.a.v. omvang van het bedrag | Y2: Kasritme
B3: Deze lijst bevat risico's en kansen die niet zijn opgenomen in de prognoses. Alle bedragen zijn derhalve optelbaar bij de prognoses. | S3: Risico 2015 | T3: Kans 2015 | U3: Risico 2016 | V3: Kans 2016 | Y3: Van 2015 naar 2016
B4: Risico = de kosten voor WPM worden hoger dan geprognosticeerd. | J4: score 0 - 8 | M4: deze kleuren zeggen iets over de € | P4: Meest positieve variant | T4: =SUM(T11:T101) -> 329000 | V4: =SUM(V11:V101) -> 0
B5: Kans = de kosten voor WPM worden lager dan geprognosticeerd. | J5: score 9 - 15 | M5: de kleur groen zegt iets over de kwaliteit | P5: Meest negatieve variant | S5: =SUM(S11:S101) -> 145000 | U5: =SUM(U11:U101) -> 0
J6: score 16 - 25 | P6: Bandbreedte | S6: =+T4+S5 -> 474000 | U6: =+V4+U5 -> 0 | Y6: =SUM(Y25:Y100) -> 1050000
J8: Kwantificering | M8: Beheersing | P8: Geld | W8: Tijd
P9: Absoluut bedrag | S9: Gewogen bedrag | W9: Aan te besteden bedrag Uitvoering | Y9: Gewogen bedrag
B10: Nr. | C10: Project | D10: Project omschrijving | E10: Effect op: Tijd - Geld - Kwaliteit | H10: Risico / Kans | I10: Gevolg / consequentie | J10: kans van optreden (1-5) | K10: gevolg (1-5) | L10: omvang risico (GXH) | M10: Beheersmaatregel | N10: Actiehouder | P10: Risico | Q10: Kans | R10: % waarschijn-lijkheid | S10: Risico 2015 | T10: Kans 2015 | U10: Risico 2016 | V10: Kans 2016 | X10: Kans op uitloop, dwz kosten in 2015 i.p.v. 2016 | Z10: PL
B11: 1 | E11: G | H11: De opgave voor beekherstel wordt groter dan 82 km. Bv doordat AEF-beken worden toegevoegd. | J11: 2 | K11: 5 | L11: =+J11*K11 -> 10 | P11: PM
B12: =+B11+1 -> 2 | E12: G | H12: De opgave voor beekherstel wordt kleiner (dan 82 km). Bv doordat beken die geen "KRW-waterlichaam" zijn (volgens definitie van het Rijk) worden geschrapt. | J12: 1 | K12: 5 | L12: =+J12*K12 -> 5 | Q12: PM
B13: =+B12+1 -> 3 | E13: G | H13: De to-do list (82km) is nu opgesteld o.b.v. € 400.000 per km. Recente inschattingen zijn hoger. | J13: 3 | K13: 5 | L13: =+J13*K13 -> 15 | M13: Meest recente inschatting op inhoud toetsen | Q13: PM
B14: =+B13+1 -> 4 | E14: G | H14: De to-do list van projecten "groot onderhoud" zijn niet bekend, maar komen (volgens afspraak) wel ten laste van het MIP / € 3 mln per jaar. | J14: 3 | K14: 4 | L14: =+J14*K14 -> 12 | M14: Inventariseren projecten "groot onderhoud" | P14: PM
B15: =+B14+1 -> 5 | E15: G | H15: De to-do list van beekherstelprojecten is niet in de tijd gepland, waardoor niet goed helder is of de opgave "te doen" is | J15: 2 | K15: 5 | L15: =+J15*K15 -> 10
B16: =+B15+1 -> 6 | E16: TG | H16: De resterende WB21 knelpunten komen niet vóór 2015 af | J16: 1 | K16: 3 | L16: =+J16*K16 -> 3
B17: =+B16+1 -> 7 | E17: G | H17: De kosteninschatting voor de WB21 toets 2015 ligt beduidend hoger dan € 1.000.000 die we in de meerjarenprognose hebben meegenomen. | J17: 1 | K17: 2 | L17: =+J17*K17 -> 2
B18: =+B17+1 -> 8 | E18: TG | H18: Personele capaciteit van afdeling PtW is niet voldoende om de to-do list af te krijgen | J18: 2 | K18: 4 | L18: =+J18*K18 -> 8
B19: =+B18+1 -> 9 | E19: T | H19: Individuele werkplannen van medewerkers zijn niet op elkaar afgestemd | J19: 2 | K19: 5 | L19: =+J19*K19 -> 10
B20: =+B19+1 -> 10
J22: Kwantificering | M22: Beheersing | P22: Geld
P23: Absoluut bedrag | S23: Gewogen bedrag | W23: Aan te besteden bedrag Uitvoering | Y23: Tijd
B24: Nr. | C24: Project | D24: Project omschrijving | E24: Effect op: Tijd - Geld - Kwaliteit | F24: Indien K: hogere of lagere K | G24: Gebeurtenis | H24: Oorzaak | I24: Gevolg / consequentie | J24: kans van optreden (1-5) | K24: gevolg (1-5) | L24: omvang risico (GXH) | M24: Beheersmaatregel | N24: Actiehouder | P24: Risico | Q24: Kans | R24: % waarschijn-lijkheid | S24: Risico 2015 | T24: Kans 2015 | U24: Risico 2016 | V24: Kans 2016 | X24: Kans | Y24: Van 2015 naar 2016
B25: 1 | C25: 721060 | D25: Everlose Beek Omleiding | E25: G | G25: Aanbesteding (openbaar / grondwerken) 20% goedkoper dan raming adviesbureau | I25: Project wordt goedkoper | J25: 3 | K25: 4 | L25: =+J25*K25 -> 12 | Q25: =ROUND(W25*0.2,-3) -> 307000 | R25: =IF(L25<9,10%,IF(L25<16,20%,100%)) -> 0.2 | S25: =IF(P25="PM",0,IF(R25=100%,"opnemen in prognose",ROUND(P25*R25,-3))) -> 0 | T25: =IF(Q25="PM",0,IF(R25=100%,"opnemen in prognose",ROUND(Q25*R25,-3))) -> 61000 | W25: 1537000 | X25: 0 | Y25: =+X25*W25 -> 0 | Z25: BeLo
B26: =+B25+1 -> 2 | E26: G | G26: Aanbesteding (meervoudig onderhands / kunstwerken) 10% goedkoper dan raming adviesbureau | I26: Project wordt goedkoper | J26: 1 | K26: 3 | L26: =+J26*K26 -> 3 | Q26: =ROUND(W26*0.1,-3) -> 0 | R26: =IF(L26<9,10%,IF(L26<16,20%,0)) -> 0.1 | S26: =IF(P26="PM",0,IF(R26=100%,"opnemen in prognose",ROUND(P26*R26,-3))) -> 0 | T26: =IF(Q26="PM",0,IF(R26=100%,"opnemen in prognose",ROUND(Q26*R26,-3))) -> 0 | Z26: BeLo
B27: =+B26+1 -> 3 | E27: T | G27: Waterwetvergunning en Omgevingsvergunning en bestemmingsplan | I27: Project loopt uit | J27: 3 | K27: 4 | L27: =+J27*K27 -> 12 | R27: =IF(L27<9,10%,IF(L27<16,20%,0)) -> 0.2 | S27: =IF(P27="PM",0,IF(R27=100%,"opnemen in prognose",ROUND(P27*R27,-3))) -> 0 | T27: =IF(Q27="PM",0,IF(R27=100%,"opnemen in prognose",ROUND(Q27*R27,-3))) -> 0 | Z27: BeLo
B28: =+B27+1 -> 4 | C28: 721240 | D28: Everlose Beek Maasmonding | E28: G | G28: Beschikbaarheid in de noodzakelijke ruimte omgeving Slottermolen | J28: 1 | K28: 5 | L28: =+J28*K28 -> 5 | P28: PM | R28: =IF(L28<9,10%,IF(L28<16,20%,0)) -> 0.1 | S28: =IF(P28="PM",0,IF(R28=100%,"opnemen in prognose",ROUND(P28*R28,-3))) -> 0 | T28: =IF(Q28="PM",0,IF(R28=100%,"opnemen in prognose",ROUND(Q28*R28,-3))) -> 0 | Z28: BeLo
B29: =+B28+1 -> 5 | E29: T | G29: Waterwetvergunning en Omgevingsvergunning | I29: Project loopt uit | J29: 3 | K29: 4 | L29: =+J29*K29 -> 12 | R29: =IF(L29<9,10%,IF(L29<16,20%,0)) -> 0.2 | S29: =IF(P29="PM",0,IF(R29=100%,"opnemen in prognose",ROUND(P29*R29,-3))) -> 0 | T29: =IF(Q29="PM",0,IF(R29=100%,"opnemen in prognose",ROUND(Q29*R29,-3))) -> 0 | Z29: BeLo
B30: =+B29+1 -> 6 | E30: G | G30: Aanbesteding (openbaar / grondwerken) 20% goedkoper dan raming adviesbureau | I30: Project wordt goedkoper | J30: 3 | K30: 4 | L30: =+J30*K30 -> 12 | Q30: =0.2*W30 -> 400000 | R30: =IF(L30<9,10%,IF(L30<16,20%,0)) -> 0.2 | S30: =IF(P30="PM",0,IF(R30=100%,"opnemen in prognose",ROUND(P30*R30,-3))) -> 0 | T30: =IF(Q30="PM",0,IF(R30=100%,"opnemen in prognose",ROUND(Q30*R30,-3))) -> 80000 | W30: 2000000 | X30: 0 | Y30: =+X30*W30 -> 0 | Z30: BeLo
B31: =+B30+1 -> 7 | E31: G | G31: Aanbesteding (meervoudig onderhands / kunstwerken) 10% goedkoper dan raming adviesbureau | I31: Project wordt goedkoper | J31: 1 | K31: 4 | L31: =+J31*K31 -> 4 | Q31: =ROUND(W31*0.1,-3) -> 0 | R31: =IF(L31<9,10%,IF(L31<16,20%,0)) -> 0.1 | S31: =IF(P31="PM",0,IF(R31=100%,"opnemen in prognose",ROUND(P31*R31,-3))) -> 0 | T31: =IF(Q31="PM",0,IF(R31=100%,"opnemen in prognose",ROUND(Q31*R31,-3))) -> 0 | Z31: BeLo
B32: =+B31+1 -> 8 | C32: 721510 | D32: Venlose Molenbeek Herinrichting | E32: GK | F32: lager | G32: Grondaankoop (2 percelen- Godshuizen+bovenstrooms) niet mogelijk | J32: 2 | K32: 4 | L32: =+J32*K32 -> 8 | Q32: 100000 | R32: =IF(L32<9,10%,IF(L32<16,20%,0)) -> 0.1 | S32: =IF(P32="PM",0,IF(R32=100%,"opnemen in prognose",ROUND(P32*R32,-3))) -> 0 | T32: =IF(Q32="PM",0,IF(R32=100%,"opnemen in prognose",ROUND(Q32*R32,-3))) -> 10000 | Z32: EdSt
B33: =+B32+1 -> 9 | E33: T | G33: Bestemmingsplanprocedure en medewerking gemeente leidt tot vertraging | J33: 4 | K33: 4 | L33: =+J33*K33 -> 16 | R33: =IF(L33<9,10%,IF(L33<16,20%,0)) -> 0 | S33: =IF(P33="PM",0,IF(R33=100%,"opnemen in prognose",ROUND(P33*R33,-3))) -> 0 | T33: =IF(Q33="PM",0,IF(R33=100%,"opnemen in prognose",ROUND(Q33*R33,-3))) -> 0 | W33: 500000 | X33: 0.7 | Y33: =+X33*W33 -> 350000 | Z33: EdSt
B34: =+B33+1 -> 10 | E34: KG | F34: hoger | G34: We gaan toch ontkluizen op terrein palletfabriek | J34: 3 | K34: 4 | L34: =+J34*K34 -> 12 | P34: 150000 | R34: =IF(L34<9,10%,IF(L34<16,20%,0)) -> 0.2 | S34: =IF(P34="PM",0,IF(R34=100%,"opnemen in prognose",ROUND(P34*R34,-3))) -> 30000 | T34: =IF(Q34="PM",0,IF(R34=100%,"opnemen in prognose",ROUND(Q34*R34,-3))) -> 0 | Z34: EdSt
B35: =+B34+1 -> 11 | E35: G | G35: Aanbestedingsresultaat | J35: 3 | K35: 3 | L35: =+J35*K35 -> 9 | P35: PM | R35: =IF(L35<9,10%,IF(L35<16,20%,0)) -> 0.2 | S35: =IF(P35="PM",0,IF(R35=100%,"opnemen in prognose",ROUND(P35*R35,-3))) -> 0 | T35: =IF(Q35="PM",0,IF(R35=100%,"opnemen in prognose",ROUND(Q35*R35,-3))) -> 0 | Z35: EdSt
B36: =+B35+1 -> 12 | C36: 721460 | D36: Tielebeek; herinrichting benedenloop | E36: G | G36: Aanbestedingsvoordeel | I36: Projectkosten worden lager | J36: 4 | K36: 5 | L36: =+J36*K36 -> 20 | Q36: 195000 | R36: =IF(L36<9,10%,IF(L36<16,20%,0)) -> 0 | S36: =IF(P36="PM",0,IF(R36=100%,"opnemen in prognose",ROUND(P36*R36,-3))) -> 0 | T36: =IF(Q36="PM",0,IF(R36=100%,"opnemen in prognose",ROUND(Q36*R36,-3))) -> 0 | Z36: GaHu
B37: =+B36+1 -> 13 | E37: G | G37: Grondkosten worden lager | I37: Projectkosten worden lager | J37: 1 | K37: 5 | L37: =+J37*K37 -> 5 | Q37: PM | R37: =IF(L37<9,10%,IF(L37<16,20%,0)) -> 0.1 | S37: =IF(P37="PM",0,IF(R37=100%,"opnemen in prognose",ROUND(P37*R37,-3))) -> 0 | T37: =IF(Q37="PM",0,IF(R37=100%,"opnemen in prognose",ROUND(Q37*R37,-3))) -> 0 | Z37: GaHu
B38: =+B37+1 -> 14 | E38: T | G38: Vergunningen later binnen | H38: Gemeente wijzigt interne doorlooptijd zonder overleg | I38: Project loopt vertraging op | J38: 2 | K38: 4 | L38: =+J38*K38 -> 8 | R38: =IF(L38<9,10%,IF(L38<16,20%,0)) -> 0.1
B39: =+B38+1 -> 15 | E39: TG | G39: Er worden explosieven gevonden tijdens de uitvoering | I39: Projectkosten worden hoger | J39: 2 | K39: 2 | L39: =+J39*K39 -> 4 | P39: PM | R39: =IF(L39<9,10%,IF(L39<16,20%,0)) -> 0.1
B40: =+B39+1 -> 16 | C40: 720610 | D40: Herinrichting Aalsbeek Holtmuhle | H40: geen risico's meer | L40: =+J40*K40 -> 0 | P40: PM | R40: =IF(L40<9,10%,IF(L40<16,20%,0)) -> 0.1 | S40: =IF(P40="PM",0,IF(R40=100%,"opnemen in prognose",ROUND(P40*R40,-3))) -> 0 | T40: =IF(Q40="PM",0,IF(R40=100%,"opnemen in prognose",ROUND(Q40*R40,-3))) -> 0 | Z40: HaHo
B41: =+B40+1 -> 17 | C41: 721310 | D41: Bovenloop Aalsbeek (belfeldse leigraaf+afkoppelen) | E41: T | G41: Vergunningstraject bij gemeente Venlo is niet duidelijk en kan leiden tot vertraging. | J41: 1 | K41: 1 | L41: =+J41*K41 -> 1 | R41: =IF(L41<9,10%,IF(L41<16,20%,0)) -> 0.1 | S41: =IF(P41="PM",0,IF(R41=100%,"opnemen in prognose",ROUND(P41*R41,-3))) -> 0 | T41: =IF(Q41="PM",0,IF(R41=100%,"opnemen in prognose",ROUND(Q41*R41,-3))) -> 0 | Z41: HaHo
B42: =+B41+1 -> 18 | E42: G | G42: Aanbestedingsresultaat | J42: 1 | K42: 1 | L42: =+J42*K42 -> 1 | P42: PM | R42: =IF(L42<9,10%,IF(L42<16,20%,0)) -> 0.1 | S42: =IF(P42="PM",0,IF(R42=100%,"opnemen in prognose",ROUND(P42*R42,-3))) -> 0 | T42: =IF(Q42="PM",0,IF(R42=100%,"opnemen in prognose",ROUND(Q42*R42,-3))) -> 0 | Z42: HaHo
B43: =+B42+1 -> 19 | C43: 721470 | D43: Elsbeek, wateroverlast Tongerlo | E43: G | G43: Schadeclaim ontvangen. Daarnaast peilopzet ná uitvoering project. | I43: WPM dient schadeclaim te vergoeden | J43: 1 | K43: 1 | L43: =+J43*K43 -> 1 | R43: =IF(L43<9,10%,IF(L43<16,20%,0)) -> 0.1 | S43: =IF(P43="PM",0,IF(R43=100%,"opnemen in prognose",ROUND(P43*R43,-3))) -> 0 | T43: =IF(Q43="PM",0,IF(R43=100%,"opnemen in prognose",ROUND(Q43*R43,-3))) -> 0 | Z43: HaHo
B44: =+B43+1 -> 20 | C44: 720650 | D44: Herinr.bvnlp.Gr.M.bk.Boksloot | E44: G | G44: Uitvoeringskosten hoger obv laatste inschatting adviesbureau (hierbij reeds rekening gehouden met lagere grondkosten) | J44: 1 | K44: 1 | L44: =+J44*K44 -> 1 | P44: 236000 | R44: =IF(L44<9,10%,IF(L44<16,20%,0)) -> 0.1 | S44: =IF(P44="PM",0,IF(R44=100%,"opnemen in prognose",ROUND(P44*R44,-3))) -> 24000 | T44: =IF(Q44="PM",0,IF(R44=100%,"opnemen in prognose",ROUND(Q44*R44,-3))) -> 0 | Z44: HaSt
B45: =+B44+1 -> 21 | E45: G | G45: Aanbestedingsresultaat | J45: 1 | K45: 1 | L45: =+J45*K45 -> 1 | P45: PM | R45: =IF(L45<9,10%,IF(L45<16,20%,0)) -> 0.1 | S45: =IF(P45="PM",0,IF(R45=100%,"opnemen in prognose",ROUND(P45*R45,-3))) -> 0 | T45: =IF(Q45="PM",0,IF(R45=100%,"opnemen in prognose",ROUND(Q45*R45,-3))) -> 0 | Z45: HaSt
B46: =+B45+1 -> 22 | E46: G | G46: Project gaat later in uitvoering, waardoor einddatum gereed ná 2015 komt te liggen | I46: Subsidie partnercontract vervalt | J46: 1 | K46: 5 | L46: =+J46*K46 -> 5 | M46: Verlenging aanvragen bij Provincie | P46: PM | R46: =IF(L46<9,10%,IF(L46<16,20%,0)) -> 0.1 | S46: =IF(P46="PM",0,IF(R46=100%,"opnemen in prognose",ROUND(P46*R46,-3))) -> 0 | T46: =IF(Q46="PM",0,IF(R46=100%,"opnemen in prognose",ROUND(Q46*R46,-3))) -> 0 | Z46: HaSt
B47: =+B46+1 -> 23 | C47: 721330 | D47: Herinrichting Teutebeek | E47: G | G47: Aanbestedingsresultaat | J47: 1 | K47: 1 | L47: =+J47*K47 -> 1 | P47: PM | R47: =IF(L47<9,10%,IF(L47<16,20%,0)) -> 0.1 | S47: =IF(P47="PM",0,IF(R47=100%,"opnemen in prognose",ROUND(P47*R47,-3))) -> 0 | T47: =IF(Q47="PM",0,IF(R47=100%,"opnemen in prognose",ROUND(Q47*R47,-3))) -> 0 | Z47: HaSt
B48: =+B47+1 -> 24 | C48: 721420 | D48: Herinrichting Springbeek | E48: G | G48: Aanbestedingsresultaat | J48: 1 | K48: 1 | L48: =+J48*K48 -> 1 | P48: PM | R48: =IF(L48<9,10%,IF(L48<16,20%,0)) -> 0.1 | S48: =IF(P48="PM",0,IF(R48=100%,"opnemen in prognose",ROUND(P48*R48,-3))) -> 0 | T48: =IF(Q48="PM",0,IF(R48=100%,"opnemen in prognose",ROUND(Q48*R48,-3))) -> 0 | Z48: HaSt
B49: =+B48+1 -> 25 | E49: G | G49: Zienswijze leiden tot planaanpassing (tijd!) | J49: 1 | K49: 1 | L49: =+J49*K49 -> 1 | P49: PM | R49: =IF(L49<9,10%,IF(L49<16,20%,0)) -> 0.1 | S49: =IF(P49="PM",0,IF(R49=100%,"opnemen in prognose",ROUND(P49*R49,-3))) -> 0 | T49: =IF(Q49="PM",0,IF(R49=100%,"opnemen in prognose",ROUND(Q49*R49,-3))) -> 0 | Z49: HaSt
B50: =+B49+1 -> 26 | E50: G | G50: Inkomsten via Deltafonds | J50: 1 | K50: 1 | L50: =+J50*K50 -> 1 | Q50: PM | R50: =IF(L50<9,10%,IF(L50<16,20%,0)) -> 0.1 | S50: =IF(P50="PM",0,IF(R50=100%,"opnemen in prognose",ROUND(P50*R50,-3))) -> 0 | T50: =IF(Q50="PM",0,IF(R50=100%,"opnemen in prognose",ROUND(Q50*R50,-3))) -> 0 | Z50: HaSt
B51: =+B50+1 -> 27 | C51: 721421 | D51: Springbeek Maasmonding | E51: G | G51: Kans dat de vistrap eenvoudiger en goedkoper kan worden uitgevoerd. | J51: 1 | K51: 1 | L51: =+J51*K51 -> 1 | P51: PM | R51: =IF(L51<9,10%,IF(L51<16,20%,0)) -> 0.1 | S51: =IF(P51="PM",0,IF(R51=100%,"opnemen in prognose",ROUND(P51*R51,-3))) -> 0 | T51: =IF(Q51="PM",0,IF(R51=100%,"opnemen in prognose",ROUND(Q51*R51,-3))) -> 0 | Z51: HaSt
B52: =+B51+1 -> 28 | E52: G | G52: Grondaankoop nog niet volledig gerealiseerd. Ook zonder aankoop kan herinrichting volgens plan plaatsvinden. | J52: 1 | K52: 1 | L52: =+J52*K52 -> 1 | P52: PM | R52: =IF(L52<9,10%,IF(L52<16,20%,0)) -> 0.1 | S52: =IF(P52="PM",0,IF(R52=100%,"opnemen in prognose",ROUND(P52*R52,-3))) -> 0 | T52: =IF(Q52="PM",0,IF(R52=100%,"opnemen in prognose",ROUND(Q52*R52,-3))) -> 0 | Z52: HaSt
B53: =+B52+1 -> 29 | E53: G | G53: Aanbestedingsresultaat | J53: 1 | K53: 1 | L53: =+J53*K53 -> 1 | P53: PM | R53: =IF(L53<9,10%,IF(L53<16,20%,0)) -> 0.1 | S53: =IF(P53="PM",0,IF(R53=100%,"opnemen in prognose",ROUND(P53*R53,-3))) -> 0 | T53: =IF(Q53="PM",0,IF(R53=100%,"opnemen in prognose",ROUND(Q53*R53,-3))) -> 0 | Z53: HaSt
B54: =+B53+1 -> 30 | E54: G | G54: Subsidie RWS vervalt a.g.v. termijnoverschrijding 2015 | J54: 1 | K54: 5 | L54: =+J54*K54 -> 5 | M54: Overleg met RWS
B55: =+B54+1 -> 31 | C55: 720431 | D55: Kabroeksebeek. Duiker Horst | E55: G | G55: Aanbesteding 30% goedkoper dan raming adviesbureau | J55: 1 | K55: 1 | L55: =+J55*K55 -> 1 | Q55: =+W55*0.3 -> 210000 | R55: =IF(L55<9,10%,IF(L55<16,20%,0)) -> 0.1 | S55: =IF(P55="PM",0,IF(R55=100%,"opnemen in prognose",ROUND(P55*R55,-3))) -> 0 | T55: =IF(Q55="PM",0,IF(R55=100%,"opnemen in prognose",ROUND(Q55*R55,-3))) -> 21000 | W55: 700000 | Z55: HaVa
B56: =+B55+1 -> 32 | E56: G | G56: Gemeente draagt bij aan het project | J56: 1 | K56: 1 | L56: =+J56*K56 -> 1 | Q56: 200000 | R56: =IF(L56<9,10%,IF(L56<16,20%,0)) -> 0.1 | S56: =IF(P56="PM",0,IF(R56=100%,"opnemen in prognose",ROUND(P56*R56,-3))) -> 0 | T56: =IF(Q56="PM",0,IF(R56=100%,"opnemen in prognose",ROUND(Q56*R56,-3))) -> 20000 | Z56: HaVa
B57: =+B56+1 -> 33 | E57: T | G57: Gemeentelijk traject vergunningen duurt langer a.g.v. onenigheid over ontwerp | J57: 1 | K57: 1 | L57: =+J57*K57 -> 1 | R57: =IF(L57<9,10%,IF(L57<16,20%,0)) -> 0.1 | S57: =IF(P57="PM",0,IF(R57=100%,"opnemen in prognose",ROUND(P57*R57,-3))) -> 0 | T57: =IF(Q57="PM",0,IF(R57=100%,"opnemen in prognose",ROUND(Q57*R57,-3))) -> 0 | Y57: 700000 | Z57: HaVa
B58: =+B57+1 -> 34 | C58: 720432 | D58: Kabroeksebeek Werkpad America - Meterik | E58: T | G58: Verwerving gronden (1 perceel) | J58: 1 | K58: 1 | L58: =+J58*K58 -> 1 | P58: PM | R58: =IF(L58<9,10%,IF(L58<16,20%,0)) -> 0.1 | S58: =IF(P58="PM",0,IF(R58=100%,"opnemen in prognose",ROUND(P58*R58,-3))) -> 0 | T58: =IF(Q58="PM",0,IF(R58=100%,"opnemen in prognose",ROUND(Q58*R58,-3))) -> 0 | Z58: HaVa
B59: =+B58+1 -> 35 | E59: T | G59: Projectplanprocedure bevat fouten (igv onteigening plaats gaat vinden) | J59: 1 | K59: 1 | L59: =+J59*K59 -> 1 | P59: PM | R59: =IF(L59<9,10%,IF(L59<16,20%,0)) -> 0.1 | S59: =IF(P59="PM",0,IF(R59=100%,"opnemen in prognose",ROUND(P59*R59,-3))) -> 0 | T59: =IF(Q59="PM",0,IF(R59=100%,"opnemen in prognose",ROUND(Q59*R59,-3))) -> 0 | Z59: HaVa
B60: =+B59+1 -> 36 | E60: G | G60: Aanbesteding 30% goedkoper dan raming adviesbureau | J60: 1 | K60: 1 | L60: =+J60*K60 -> 1 | Q60: =200000*0.3 -> 60000 | R60: =IF(L60<9,10%,IF(L60<16,20%,0)) -> 0.1 | S60: =IF(P60="PM",0,IF(R60=100%,"opnemen in prognose",ROUND(P60*R60,-3))) -> 0 | T60: =IF(Q60="PM",0,IF(R60=100%,"opnemen in prognose",ROUND(Q60*R60,-3))) -> 6000 | Z60: HaVa
B61: =+B60+1 -> 37 | C61: 720700 | D61: Herinr.Haelensebeek Hhu-Nunhem | E61: G | G61: Grondverwerving is in beginstadium (gemeente wil grond verkopen bij traject 3) | J61: 1 | K61: 1 | L61: =+J61*K61 -> 1 | P61: PM | R61: =IF(L61<9,10%,IF(L61<16,20%,0)) -> 0.1 | S61: =IF(P61="PM",0,IF(R61=100%,"opnemen in prognose",ROUND(P61*R61,-3))) -> 0 | T61: =IF(Q61="PM",0,IF(R61=100%,"opnemen in prognose",ROUND(Q61*R61,-3))) -> 0 | Z61: HaVa
B62: =+B61+1 -> 38 | E62: G | G62: Aanbestedingsresultaat (raming adviesbureau nog niet binnen) | J62: 1 | K62: 1 | L62: =+J62*K62 -> 1 | P62: PM | R62: =IF(L62<9,10%,IF(L62<16,20%,0)) -> 0.1 | S62: =IF(P62="PM",0,IF(R62=100%,"opnemen in prognose",ROUND(P62*R62,-3))) -> 0 | T62: =IF(Q62="PM",0,IF(R62=100%,"opnemen in prognose",ROUND(Q62*R62,-3))) -> 0 | Z62: HaVa
B63: =+B62+1 -> 39 | E63: G | G63: Inkomsten via Deltafonds | J63: 1 | K63: 1 | L63: =+J63*K63 -> 1 | Q63: PM | R63: =IF(L63<9,10%,IF(L63<16,20%,0)) -> 0.1 | S63: =IF(P63="PM",0,IF(R63=100%,"opnemen in prognose",ROUND(P63*R63,-3))) -> 0 | T63: =IF(Q63="PM",0,IF(R63=100%,"opnemen in prognose",ROUND(Q63*R63,-3))) -> 0 | Z63: HaVa
B64: =+B63+1 -> 40 | E64: G | G64: Inkomsten via Interreg Vlaanderen Nederland | J64: 1 | K64: 1 | L64: =+J64*K64 -> 1 | Q64: 100000 | R64: =IF(L64<9,10%,IF(L64<16,20%,0)) -> 0.1 | S64: =IF(P64="PM",0,IF(R64=100%,"opnemen in prognose",ROUND(P64*R64,-3))) -> 0 | T64: =IF(Q64="PM",0,IF(R64=100%,"opnemen in prognose",ROUND(Q64*R64,-3))) -> 10000 | Z64: HaVa
B65: =+B64+1 -> 41 | E65: K | G65: Faunamigratie is beperkt | J65: 1 | K65: 1 | L65: =+J65*K65 -> 1 | R65: =IF(L65<9,10%,IF(L65<16,20%,0)) -> 0.1 | S65: =IF(P65="PM",0,IF(R65=100%,"opnemen in prognose",ROUND(P65*R65,-3))) -> 0 | T65: =IF(Q65="PM",0,IF(R65=100%,"opnemen in prognose",ROUND(Q65*R65,-3))) -> 0 | Z65: HaVa
B66: =+B65+1 -> 42 | C66: 720760 | D66: Sarsven/Banen | E66: G | G66: Hoogte van de bijdrage aan project is onduidelijk. | J66: 1 | K66: 1 | L66: =+J66*K66 -> 1 | P66: PM | R66: =IF(L66<9,10%,IF(L66<16,20%,0)) -> 0.1 | S66: =IF(P66="PM",0,IF(R66=100%,"opnemen in prognose",ROUND(P66*R66,-3))) -> 0 | T66: =IF(Q66="PM",0,IF(R66=100%,"opnemen in prognose",ROUND(Q66*R66,-3))) -> 0 | Z66: HaVa
B67: =+B66+1 -> 43 | C67: 721450 | D67: Meilossing | E67: G | G67: Inkomsten via Interreg Vlaanderen Nederland | J67: 1 | K67: 1 | L67: =+J67*K67 -> 1 | Q67: 200000 | R67: =IF(L67<9,10%,IF(L67<16,20%,0)) -> 0.1 | S67: =IF(P67="PM",0,IF(R67=100%,"opnemen in prognose",ROUND(P67*R67,-3))) -> 0 | T67: =IF(Q67="PM",0,IF(R67=100%,"opnemen in prognose",ROUND(Q67*R67,-3))) -> 20000 | Z67: HaVa
B68: =+B67+1 -> 44 | C68: 721720 | D68: Vastleggen 0 sit.herinr.behoeft.bk. | E68: TGK | G68: Inhoud van het project is niet helder | J68: 1 | K68: 1 | L68: =+J68*K68 -> 1 | M68: Overleg binnen projectteam | R68: =IF(L68<9,10%,IF(L68<16,20%,0)) -> 0.1 | S68: =IF(P68="PM",0,IF(R68=100%,"opnemen in prognose",ROUND(P68*R68,-3))) -> 0 | T68: =IF(Q68="PM",0,IF(R68=100%,"opnemen in prognose",ROUND(Q68*R68,-3))) -> 0 | Z68: HaVa
B69: =+B68+1 -> 45 | C69: 720240 | D69: Herinrichting Schelkensbeek | E69: G | G69: Aanbestedingsresultaat | J69: 1 | K69: 1 | L69: =+J69*K69 -> 1 | P69: PM | R69: =IF(L69<9,10%,IF(L69<16,20%,0)) -> 0.1 | S69: =IF(P69="PM",0,IF(R69=100%,"opnemen in prognose",ROUND(P69*R69,-3))) -> 0 | T69: =IF(Q69="PM",0,IF(R69=100%,"opnemen in prognose",ROUND(Q69*R69,-3))) -> 0 | Z69: HaVa
B70: =+B69+1 -> 46 | C70: 721160 | D70: Schelkensbeek duiker N271 | E70: G | G70: Aanbestedingsresultaat | J70: 1 | K70: 1 | L70: =+J70*K70 -> 1 | P70: PM | R70: =IF(L70<9,10%,IF(L70<16,20%,0)) -> 0.1 | S70: =IF(P70="PM",0,IF(R70=100%,"opnemen in prognose",ROUND(P70*R70,-3))) -> 0 | T70: =IF(Q70="PM",0,IF(R70=100%,"opnemen in prognose",ROUND(Q70*R70,-3))) -> 0 | Z70: HaVa
B71: =+B70+1 -> 47 | C71: 720340 | D71: Castenrayse Vennen | E71: GT | G71: Grondverwerving lukt niet | J71: 1 | K71: 1 | L71: =+J71*K71 -> 1 | R71: =IF(L71<9,10%,IF(L71<16,20%,0)) -> 0.1 | S71: =IF(P71="PM",0,IF(R71=100%,"opnemen in prognose",ROUND(P71*R71,-3))) -> 0 | T71: =IF(Q71="PM",0,IF(R71=100%,"opnemen in prognose",ROUND(Q71*R71,-3))) -> 0 | Z71: MaSc
B72: =+B71+1 -> 48 | C72: 720351 | D72: Loobeek tr. De Haag | E72: G | G72: Grond Poels (4 ha aan De Haag) is nog niet verkocht aan DLG. | J72: 1 | K72: 1 | L72: =+J72*K72 -> 1 | Q72: PM | R72: =IF(L72<9,10%,IF(L72<16,20%,0)) -> 0.1 | S72: =IF(P72="PM",0,IF(R72=100%,"opnemen in prognose",ROUND(P72*R72,-3))) -> 0 | T72: =IF(Q72="PM",0,IF(R72=100%,"opnemen in prognose",ROUND(Q72*R72,-3))) -> 0 | Z72: MaSc
B73: =+B72+1 -> 49 | E73: G | G73: Aanbestedingsvoordeel | J73: 1 | K73: 1 | L73: =+J73*K73 -> 1 | Q73: PM | R73: =IF(L73<9,10%,IF(L73<16,20%,0)) -> 0.1 | S73: =IF(P73="PM",0,IF(R73=100%,"opnemen in prognose",ROUND(P73*R73,-3))) -> 0 | T73: =IF(Q73="PM",0,IF(R73=100%,"opnemen in prognose",ROUND(Q73*R73,-3))) -> 0 | Z73: MaSc
B74: =+B73+1 -> 50 | C74: 720352 | D74: Loobeek tr. Venraysch Broek | E74: G | G74: Grondverwerving/afkoop natschade lukt mogelijk niet. | J74: 1 | K74: 1 | L74: =+J74*K74 -> 1 | R74: =IF(L74<9,10%,IF(L74<16,20%,0)) -> 0.1 | S74: =IF(P74="PM",0,IF(R74=100%,"opnemen in prognose",ROUND(P74*R74,-3))) -> 0 | T74: =IF(Q74="PM",0,IF(R74=100%,"opnemen in prognose",ROUND(Q74*R74,-3))) -> 0 | Z74: MaSc
B75: =+B74+1 -> 51 | C75: 720353 | D75: Loobeek tr. De Spurkt | E75: G | G75: Grondverwerving/afkoop natschade lukt mogelijk niet. | J75: 1 | K75: 1 | L75: =+J75*K75 -> 1 | R75: =IF(L75<9,10%,IF(L75<16,20%,0)) -> 0.1 | S75: =IF(P75="PM",0,IF(R75=100%,"opnemen in prognose",ROUND(P75*R75,-3))) -> 0 | T75: =IF(Q75="PM",0,IF(R75=100%,"opnemen in prognose",ROUND(Q75*R75,-3))) -> 0 | Z75: MaSc
B76: =+B75+1 -> 52 | C76: 721180 | D76: Herinrichting Heukelomsebeek | E76: G | G76: Afronding EHS mislukt | J76: 1 | K76: 1 | L76: =+J76*K76 -> 1 | P76: PM | R76: =IF(L76<9,10%,IF(L76<16,20%,0)) -> 0.1 | S76: =IF(P76="PM",0,IF(R76=100%,"opnemen in prognose",ROUND(P76*R76,-3))) -> 0 | T76: =IF(Q76="PM",0,IF(R76=100%,"opnemen in prognose",ROUND(Q76*R76,-3))) -> 0 | Z76: MaSc
B77: =+B76+1 -> 53 | E77: G | G77: Aanbestedingsresultaat | J77: 1 | K77: 1 | L77: =+J77*K77 -> 1 | Q77: 150000 | R77: =IF(L77<9,10%,IF(L77<16,20%,0)) -> 0.1 | S77: =IF(P77="PM",0,IF(R77=100%,"opnemen in prognose",ROUND(P77*R77,-3))) -> 0 | T77: =IF(Q77="PM",0,IF(R77=100%,"opnemen in prognose",ROUND(Q77*R77,-3))) -> 15000 | Z77: MaSc
B78: =+B77+1 -> 54 | C78: 721481 | D78: Groote Molenbeek A73 | E78: T | G78: Mogelijk vertraging door mogelijke beroepen in nog op te starten bestemmingsplanwijziging en vergunningentraject. | J78: 2 | K78: 5 | L78: =+J78*K78 -> 10 | P78: 10000 | R78: =IF(L78<9,10%,IF(L78<16,20%,0)) -> 0.2 | S78: =IF(P78="PM",0,IF(R78=100%,"opnemen in prognose",ROUND(P78*R78,-3))) -> 2000 | T78: =IF(Q78="PM",0,IF(R78=100%,"opnemen in prognose",ROUND(Q78*R78,-3))) -> 0 | Z78: MaSc
B79: =+B78+1 -> 55 | E79: GK | G79: Mogelijk geen medewerking 1 particulier in het kader van particulier natuurbeheer en realisatie Groote Molenbeek over zijn eigendom. | J79: 3 | K79: 4 | L79: =+J79*K79 -> 12 | Q79: =228000+80000 -> 308000 | R79: =IF(L79<9,10%,IF(L79<16,20%,0)) -> 0.2 | S79: =IF(P79="PM",0,IF(R79=100%,"opnemen in prognose",ROUND(P79*R79,-3))) -> 0 | T79: =IF(Q79="PM",0,IF(R79=100%,"opnemen in prognose",ROUND(Q79*R79,-3))) -> 62000 | Z79: MaSc
B80: =+B79+1 -> 56 | E80: TG | G80: Model van WPM wijkt te veel af van de werkelijkheid. Oorzaak benedenstrooms projectgebied. Nader onderzoek om te komen tot een oplossing wordt gegund in januari 2015. | J80: 5 | K80: 5 | L80: =+J80*K80 -> 25 | P80: 30000 | R80: =IF(L80<9,10%,IF(L80<16,20%,0)) -> 0 | S80: =IF(P80="PM",0,IF(R80=100%,"opnemen in prognose",ROUND(P80*R80,-3))) -> 0 | T80: =IF(Q80="PM",0,IF(R80=100%,"opnemen in prognose",ROUND(Q80*R80,-3))) -> 0 | Z80: MaSc
B81: =+B80+1 -> 57 | E81: G | G81: Aanbestedingsvoordeel 20% (raming adviesbureau nog niet binnen) | J81: 3 | K81: 3 | L81: =+J81*K81 -> 9 | Q81: =0.2*W81 -> 120000 | R81: =IF(L81<9,10%,IF(L81<16,20%,0)) -> 0.2 | S81: =IF(P81="PM",0,IF(R81=100%,"opnemen in prognose",ROUND(P81*R81,-3))) -> 0 | T81: =IF(Q81="PM",0,IF(R81=100%,"opnemen in prognose",ROUND(Q81*R81,-3))) -> 24000 | W81: 600000 | Z81: MaSc
B82: =+B81+1 -> 58 | C82: 721482 | D82: Lollebeek | E82: G | G82: Netto bijdrage WPM is hoger dan bij kredietaanvraag voorgenomen | H82: POP subsidie is lager uitgevallen | J82: 4 | K82: 5 | L82: =+J82*K82 -> 20 | R82: =IF(L82<9,10%,IF(L82<16,20%,0)) -> 0 | S82: =IF(P82="PM",0,IF(R82=100%,"opnemen in prognose",ROUND(P82*R82,-3))) -> 0 | T82: =IF(Q82="PM",0,IF(R82=100%,"opnemen in prognose",ROUND(Q82*R82,-3))) -> 0 | Z82: MaSc
B83: =+B82+1 -> 59 | C83: 720972 | D83: WB21 Bestek 2 Leiver Peelke | E83: G | G83: Aanbestedingsresultaat | J83: 2 | K83: 2 | L83: =+J83*K83 -> 4 | P83: PM | R83: =IF(L83<9,10%,IF(L83<16,20%,0)) -> 0.1 | S83: =IF(P83="PM",0,IF(R83=100%,"opnemen in prognose",ROUND(P83*R83,-3))) -> 0 | T83: =IF(Q83="PM",0,IF(R83=100%,"opnemen in prognose",ROUND(Q83*R83,-3))) -> 0 | Z83: JoEi
B84: =+B83+1 -> 60 | E84: G | G84: Mislopen POP-subsidie | J84: 1 | K84: 5 | L84: =+J84*K84 -> 5 | P84: 138000 | R84: =IF(L84<9,10%,IF(L84<16,20%,0)) -> 0.1 | S84: =IF(P84="PM",0,IF(R84=100%,"opnemen in prognose",ROUND(P84*R84,-3))) -> 14000 | T84: =IF(Q84="PM",0,IF(R84=100%,"opnemen in prognose",ROUND(Q84*R84,-3))) -> 0 | Z84: JoEi
B85: =+B84+1 -> 61 | C85: 720974 | D85: WB21 Bestek 4 Rosveldlossing e.a. | E85: G | G85: Aanbestedingsresultaat | J85: 2 | K85: 2 | L85: =+J85*K85 -> 4 | P85: PM | R85: =IF(L85<9,10%,IF(L85<16,20%,0)) -> 0.1 | S85: =IF(P85="PM",0,IF(R85=100%,"opnemen in prognose",ROUND(P85*R85,-3))) -> 0 | T85: =IF(Q85="PM",0,IF(R85=100%,"opnemen in prognose",ROUND(Q85*R85,-3))) -> 0 | Z85: JoEi
B86: =+B85+1 -> 62 | C86: 720976 | D86: WB21 Bestek 6 Rakerlossing e.a. | E86: G | G86: Aanbestedingsresultaat | J86: 2 | K86: 2 | L86: =+J86*K86 -> 4 | P86: PM | R86: =IF(L86<9,10%,IF(L86<16,20%,0)) -> 0.1 | S86: =IF(P86="PM",0,IF(R86=100%,"opnemen in prognose",ROUND(P86*R86,-3))) -> 0 | T86: =IF(Q86="PM",0,IF(R86=100%,"opnemen in prognose",ROUND(Q86*R86,-3))) -> 0 | Z86: JoEi
B87: =+B86+1 -> 63 | E87: G | G87: Hogere grondkosten Rakerlossing (dan €50.000 die in de begroting zit) | J87: 2 | K87: 2 | L87: =+J87*K87 -> 4 | P87: PM | R87: =IF(L87<9,10%,IF(L87<16,20%,0)) -> 0.1 | S87: =IF(P87="PM",0,IF(R87=100%,"opnemen in prognose",ROUND(P87*R87,-3))) -> 0 | T87: =IF(Q87="PM",0,IF(R87=100%,"opnemen in prognose",ROUND(Q87*R87,-3))) -> 0 | Z87: JoEi
B88: =+B87+1 -> 64 | C88: 721280 | D88: NLP Peelvenen / Mariapeel | E88: T | G88: Projectleiding ná 2015 is niet helder | J88: 1 | K88: 1 | L88: =+J88*K88 -> 1 | R88: =IF(L88<9,10%,IF(L88<16,20%,0)) -> 0.1 | S88: =IF(P88="PM",0,IF(R88=100%,"opnemen in prognose",ROUND(P88*R88,-3))) -> 0 | T88: =IF(Q88="PM",0,IF(R88=100%,"opnemen in prognose",ROUND(Q88*R88,-3))) -> 0 | Z88: JoEi
B89: =+B88+1 -> 65 | E89: G | G89: Lagere bijdrage aan DLG als DLG de POP-subsidie binnenhaalt | J89: 1 | K89: 1 | L89: =+J89*K89 -> 1 | Q89: PM | R89: =IF(L89<9,10%,IF(L89<16,20%,0)) -> 0.1 | S89: =IF(P89="PM",0,IF(R89=100%,"opnemen in prognose",ROUND(P89*R89,-3))) -> 0 | T89: =IF(Q89="PM",0,IF(R89=100%,"opnemen in prognose",ROUND(Q89*R89,-3))) -> 0 | Z89: JoEi
B90: =+B89+1 -> 66 | C90: 721290 | D90: NLP Heidsche Peel | E90: T | G90: Conflict met bewoner zorgt voor mogelijke vertraging | J90: 1 | K90: 1 | L90: =+J90*K90 -> 1 | R90: =IF(L90<9,10%,IF(L90<16,20%,0)) -> 0.1 | S90: =IF(P90="PM",0,IF(R90=100%,"opnemen in prognose",ROUND(P90*R90,-3))) -> 0 | T90: =IF(Q90="PM",0,IF(R90=100%,"opnemen in prognose",ROUND(Q90*R90,-3))) -> 0 | Z90: JoEi
B91: =+B90+1 -> 67 | E91: G | G91: Conflict met bewoner heeft wellicht invloed op begroting. | J91: 1 | K91: 1 | L91: =+J91*K91 -> 1 | P91: PM | R91: =IF(L91<9,10%,IF(L91<16,20%,0)) -> 0.1 | S91: =IF(P91="PM",0,IF(R91=100%,"opnemen in prognose",ROUND(P91*R91,-3))) -> 0 | T91: =IF(Q91="PM",0,IF(R91=100%,"opnemen in prognose",ROUND(Q91*R91,-3))) -> 0 | Z91: JoEi
B92: =+B91+1 -> 68 | C92: 721080 | D92: Oostrumse beek fase 3 | E92: G | G92: Toepassing 'Building by Nature' kan leiden tot wateroverlast. | J92: 1 | K92: 1 | L92: =+J92*K92 -> 1 | P92: PM | R92: =IF(L92<9,10%,IF(L92<16,20%,0)) -> 0.1 | S92: =IF(P92="PM",0,IF(R92=100%,"opnemen in prognose",ROUND(P92*R92,-3))) -> 0 | T92: =IF(Q92="PM",0,IF(R92=100%,"opnemen in prognose",ROUND(Q92*R92,-3))) -> 0 | Z92: RaDi
B93: =+B92+1 -> 69 | C93: 710801 | D93: St Jansberg | E93: G | G93: Aanbestedingsresultaat | J93: 1 | K93: 1 | L93: =+J93*K93 -> 1 | P93: PM | R93: =IF(L93<9,10%,IF(L93<16,20%,0)) -> 0.1 | S93: =IF(P93="PM",0,IF(R93=100%,"opnemen in prognose",ROUND(P93*R93,-3))) -> 0 | T93: =IF(Q93="PM",0,IF(R93=100%,"opnemen in prognose",ROUND(Q93*R93,-3))) -> 0 | Z93: RaDi
B94: =+B93+1 -> 70 | C94: 720811 en 720816 | D94: Tung. beek West Herinrichting | E94: G | G94: Opbrengst ZLTO onder druk omdat andere partners binnen het programma niet voldoen aan de randvoorwaarden vanuit Brussel | J94: 3 | K94: 5 | L94: =+J94*K94 -> 15 | P94: PM | R94: =IF(L94<9,10%,IF(L94<16,20%,0)) -> 0.2 | S94: =IF(P94="PM",0,IF(R94=100%,"opnemen in prognose",ROUND(P94*R94,-3))) -> 0 | T94: =IF(Q94="PM",0,IF(R94=100%,"opnemen in prognose",ROUND(Q94*R94,-3))) -> 0 | Z94: TwDi
B95: =+B94+1 -> 71 | E95: TG | G95: Overdracht beheer en onderhoud aan gemeenten | J95: 3 | K95: 5 | L95: =+J95*K95 -> 15 | R95: =IF(L95<9,10%,IF(L95<16,20%,0)) -> 0.2 | S95: =IF(P95="PM",0,IF(R95=100%,"opnemen in prognose",ROUND(P95*R95,-3))) -> 0 | T95: =IF(Q95="PM",0,IF(R95=100%,"opnemen in prognose",ROUND(Q95*R95,-3))) -> 0 | Z95: TwDi
B96: =+B95+1 -> 72 | E96: G | G96: Overdracht pomplocatie aan Cross-Moor | J96: 3 | K96: 4 | L96: =+J96*K96 -> 12 | R96: =IF(L96<9,10%,IF(L96<16,20%,0)) -> 0.2 | S96: =IF(P96="PM",0,IF(R96=100%,"opnemen in prognose",ROUND(P96*R96,-3))) -> 0 | T96: =IF(Q96="PM",0,IF(R96=100%,"opnemen in prognose",ROUND(Q96*R96,-3))) -> 0 | Z96: TwDi
B97: =+B96+1 -> 73 | D97: Tungerlroyse Beek Oost Herinrichting | E97: G | G97: 1e tranche - uitruil | J97: 1 | K97: 5 | L97: =+J97*K97 -> 5 | P97: PM | R97: =IF(L97<9,10%,IF(L97<16,20%,0)) -> 0.1 | S97: =IF(P97="PM",0,IF(R97=100%,"opnemen in prognose",ROUND(P97*R97,-3))) -> 0 | T97: =IF(Q97="PM",0,IF(R97=100%,"opnemen in prognose",ROUND(Q97*R97,-3))) -> 0 | Z97: TwDi
B98: =+B97+1 -> 74 | E98: G | G98: Vergoeding provincie voor waardedaling grond 2e tranche, twv € 750.000 | J98: 1 | K98: 5 | L98: =+J98*K98 -> 5 | P98: 750000 | R98: =IF(L98<9,10%,IF(L98<16,20%,0)) -> 0.1 | S98: =IF(P98="PM",0,IF(R98=100%,"opnemen in prognose",ROUND(P98*R98,-3))) -> 75000 | T98: =IF(Q98="PM",0,IF(R98=100%,"opnemen in prognose",ROUND(Q98*R98,-3))) -> 0 | Z98: TwDi
B99: =+B98+1 -> 75 | C99: 721690 | D99: Zandvang Leudal | E99: G | G99: Inkomsten AdbK zijn onzeker | J99: 1 | K99: 1 | L99: =+J99*K99 -> 1 | P99: PM | R99: =IF(L99<9,10%,IF(L99<16,20%,0)) -> 0.1 | S99: =IF(P99="PM",0,IF(R99=100%,"opnemen in prognose",ROUND(P99*R99,-3))) -> 0 | T99: =IF(Q99="PM",0,IF(R99=100%,"opnemen in prognose",ROUND(Q99*R99,-3))) -> 0 | Z99: TwDi
B100: =+B99+1 -> 76 | R100: =IF(L100<9,10%,IF(L100<16,20%,0)) -> 0.1 | S100: =IF(P100="PM",0,IF(R100=100%,"opnemen in prognose",ROUND(P100*R100,-3))) -> 0 | T100: =IF(Q100="PM",0,IF(R100=100%,"opnemen in prognose",ROUND(Q100*R100,-3))) -> 0
